 Dungeon Crawl Stone Soup version 0.28-a0-1395-g4f6bc678fa (webtiles) character file.

Game seed: 13720406156850542239

934916 LordBelias the Intangible (level 27, -11/207 HPs)
             Began as a Gnoll Conjurer on Dec 28, 2021.
             Was the Champion of Vehumet.
             Killed from afar by an orb of fire (37 damage)
             ... with a fireball
             ... on level 18 of a ziggurat on Jan 4, 2022.
             The game lasted 10:04:36 (82515 turns).

LordBelias the Intangible (Gnoll Conjurer)         Turns: 82515, Time: 10:04:38

Health: -11/207    AC: 21    Str: 14    XL:     27
Magic:  68/68      EV: 20    Int: 29    God:    Vehumet [******]
Gold:   13849      SH:  5    Dex: 11    Spells: 3/70 levels left

rFire   + + .      SeeInvis +   X - +9 staff of Wucad Mu {*channel}
rCold   + + .      Faith    .   g - orb {*channel}
rNeg    + + +      Spirit   .   y - +2 ring mail of Fanaticism {Regen+ MP+9 Int+4 Dex+2}
rPois   +          Reflect  +   (helmet restricted)
rElec   +          Harm     .   Q - +5 cloak "Felo Fum" {*Corrode rN+++ Str+4}
rCorr   +          Rampage  +   V - +0 pair of gloves of the Morning {rElec}
Will    ++++.                   U - +2 pair of boots {rampage}
Stlth   +++++++...              Z - amulet "Viuq" {Reflect +Inv rF++ SH+5}
HPRegen 1.24/turn               P - ring of Nurr {rPois rC+ rCorr Str-3}
MPRegen 0.41/turn               h - ring of Wu Jian's Pride {Wiz rC- Will++ Dex-2 SInv}

@: swift, on vortex cooldown, unable to drink, corroded, studying 3 skills,
unable to read, quick
A: fangs 1, strong nose, distributed training, antennae 1, cold resistance 2,
dopey 1, frail 1, high mp 2, strong 1, inability to read while threatened
}: 9/15 runes: barnacled, slimy, silver, obsidian, abyssal, magical, fiery,
dark, gossamer
a: Renounce Religion, Evoke Invisibility


You were on level 18 of a ziggurat.
You worshipped Vehumet.
Vehumet was exalted by your worship.
You visited 16 branches of the dungeon, and saw 63 of its levels.
You visited Pandemonium 2 times, and saw 9 of its levels.
You visited the Abyss 2 times.
You visited 1 bazaar.
You visited 1 ziggurat, and saw 18 of its levels.
You also visited: Bailey, Gauntlet, Volcano and Wizlab.

You collected 16209 gold pieces.
You spent 2360 gold pieces at shops.

Inventory:

Hand Weapons
 c - the +9 staff of Olgreb {rPois∞}
   (You acquired it on level 7 of the Dungeon)

   If the wielder is skilled in Evocations, they can envenom those struck by it,
   dealing poison damage which bypasses armour.
   It enhances your poison magic.
   It grants immunity to poison.
   It can be evoked to radiate toxic energy, with effectiveness depending on
   Evocations skill.
 m - the +12 arbalest "Impslayer" {vorpal, Drain rF++ rN+ Str+3}
   (You found it on level 14 of a ziggurat)

   Any ammunition fired from it inflicts extra damage upon your enemies.
   Str:       It affects your strength (+3).
   rF:        It greatly protects you from fire.
   rN:        It protects you from negative energy.
   Drain:     It drains your maximum health when unequipped.
 C - the +6 sword of Cerebov {flame}
   (You took it off Cerebov in Pandemonium)

   It burns those it strikes, dealing additional fire damage.
   Big, fiery blades are also staple armaments of hydra-hunters.
   It temporarily reduces the fire resistance of those it strikes.
 X - the +9 staff of Wucad Mu (weapon) {*channel}
   (You found it on level 3 of the Shoals)

   It occasionally powers its wielder's spells, but with a chance of causing
   confusion or draining the wielder's intelligence.
   It becomes more likely to activate and less likely to backfire with increased
   Evocations skill.
Armour
 g - an orb of energy (worn)
 y - the +2 ring mail of Fanaticism (worn) {Regen+ MP+9 Int+4 Dex+2}
   (You found it on level 3 of the Elven Halls)

   Int:       It affects your intelligence (+4).
   Dex:       It affects your dexterity (+2).
   MP:        It affects your magic capacity (+9).
   Regen:     It increases your rate of health regeneration.
 Q - the +5 cloak "Felo Fum" (worn) {*Corrode rN+++ Str+4}
   (You found it on level 4 of the Vaults)

   Str:       It affects your strength (+4).
   rN:        It renders you almost immune to negative energy.
   *Corrode:  It may corrode you when you take damage.
 U - a +2 pair of boots of rampaging (worn)
 V - the +0 pair of gloves of the Morning (worn) {rElec}
   (You found it in a Gauntlet)

   rElec:     It insulates you from electricity.
Jewellery
 d - the amulet of the Air {Inacc Air Fly rElec RMsl}
   (You found it on level 5 of the Pits of Slime)

   [amulet of nothing]

   It reduces the accuracy of all your attacks.
   It enhances your air magic.
   rElec:     It insulates you from electricity.
   Fly:       It grants you flight.
   RMsl:      It protects you from missiles.
 e - the ring of Music {Fly rC+ rN++ Will+}
   (You took it off an orc on level 5 of the Vaults)

   [ring of willpower]

   rC:        It protects you from cold.
   rN:        It greatly protects you from negative energy.
   Fly:       It grants you flight.
   Will:      It increases your willpower.
 h - the ring of Wu Jian's Pride (right hand) {Wiz rC- Will++ Dex-2 SInv}
   (You found it on level 16 of a ziggurat)

   [ring of wizardry]

   It improves your spell success rate.
   Dex:       It affects your dexterity (-2).
   rC:        It makes you vulnerable to cold.
   SInv:      It lets you see invisible.
   Will:      It greatly increases your willpower.
 q - the ring "Igrufeof" {Fire rElec rCorr Str+5 Int-4}
   (You found it on level 3 of the Crypt)

   [ring of fire]

   It enhances your fire magic.
   Str:       It affects your strength (+5).
   Int:       It affects your intelligence (-4).
   rF:        It protects you from fire.
   rC:        It makes you vulnerable to cold.
   rElec:     It insulates you from electricity.
   rCorr:     It protects you from acid and corrosion.
 s - the ring "Gievic Yghe" {+Blink Will+ Str+6 Dex+3}
   (You found it on level 2 of the Depths)

   [ring of strength]

   Str:       It affects your strength (+6).
   Dex:       It affects your dexterity (+3).
   +Blink:    It lets you blink.
   Will:      It increases your willpower.
 w - the ring of Kihanuoss {rElec Str+2 Int+6 Dex+4}
   (You took it off a balrug in Pandemonium)

   [ring of intelligence]

   Str:       It affects your strength (+2).
   Int:       It affects your intelligence (+6).
   Dex:       It affects your dexterity (+4).
   rElec:     It insulates you from electricity.
 D - the ring "Qeseep" {Ice rCorr Int+3}
   (You found it on level 16 of a ziggurat)

   [ring of ice]

   It enhances your ice magic.
   Int:       It affects your intelligence (+3).
   rF:        It makes you vulnerable to fire.
   rC:        It protects you from cold.
   rCorr:     It protects you from acid and corrosion.
 E - the ring of Shadows {Umbra +Inv Stlth+}
   (You found it on level 7 of a ziggurat)

   [ring of stealth]

   It surrounds you with an aura of shadow, increasing your stealth and reducing
   the accuracy of all others within it.
   +Inv:      It lets you turn invisible.
   Stlth:     It makes you more stealthy.
 N - the ring "Talleqirgh" {rPois rN+ rCorr Dex-5 Slay+2}
   (You found it in Pandemonium)

   [ring of positive energy]

   Dex:       It affects your dexterity (-5).
   Slay:      It affects your accuracy & damage with ranged weapons and melee
   (+2).
   rPois:     It protects you from poison.
   rN:        It protects you from negative energy.
   rCorr:     It protects you from acid and corrosion.
 P - the ring of Nurr (left hand) {rPois rC+ rCorr Str-3}
   (You bought it in a shop in a bazaar)

   [ring of protection from cold]

   Str:       It affects your strength (-3).
   rC:        It protects you from cold.
   rPois:     It protects you from poison.
   rCorr:     It protects you from acid and corrosion.
 R - the ring "Neiwoly" {rF++ rC++ Will+ Dex-2}
   (You found it in Pandemonium)

   [ring of willpower]

   Dex:       It affects your dexterity (-2).
   rF:        It greatly protects you from fire.
   rC:        It greatly protects you from cold.
   Will:      It increases your willpower.
 Z - the amulet "Viuq" (around neck) {Reflect +Inv rF++ SH+5}
   (You found it in a Gauntlet)

   [amulet of reflection]

   It reflects blocked missile attacks.
   rF:        It greatly protects you from fire.
   +Inv:      It lets you turn invisible.
   SH:        It affects your SH (+5).
Wands
 i - a wand of iceblast (62)
 j - a wand of flame (19)
 r - a wand of polymorph (6)
 u - a wand of acid (10)
 v - a wand of digging (34)
 z - a wand of mindburst (6)
Scrolls
 b - 7 scrolls of silence
 k - 9 scrolls of fear
 l - 23 scrolls of fog
 n - 22 scrolls of identify
 p - 5 scrolls of enchant weapon
 t - 33 scrolls of teleportation
 A - 2 scrolls of brand weapon
 I - 9 scrolls of enchant armour
 K - 5 scrolls of summoning
 O - 7 scrolls of holy word
 T - 11 scrolls of magic mapping
 W - 5 scrolls of blinking
Potions
 a - 4 potions of berserk rage
 f - 9 potions of might
 o - 7 potions of flight
 x - 17 potions of curing
 B - 6 potions of mutation
 F - 8 potions of haste
 G - 4 potions of invisibility
 H - 12 potions of brilliance
 J - 15 potions of cancellation
 L - 5 potions of resistance
 M - 11 potions of magic
 Y - 4 potions of heal wounds
Miscellaneous
 S - a tin of tremorstones (2/2)


   Skills:
 + Level 22.0 Fighting
 + Level 22.0 Short Blades
 + Level 22.0 Long Blades
 + Level 26.8 Axes
 + Level 22.0 Maces & Flails
 + Level 22.0 Polearms
 + Level 22.0 Staves
 + Level 23.9 Slings
 + Level 22.0 Bows
 + Level 22.0 Crossbows
 + Level 22.0 Throwing
 + Level 22.0 Armour
 O Level 27 Dodging
 + Level 22.9 Stealth
 + Level 22.0 Shields
 + Level 22.0 Unarmed Combat
 + Level 22.4 Spellcasting
 + Level 19.9 Conjurations
 + Level 18.8 Hexes
 + Level 18.8 Summonings
 + Level 18.8 Necromancy
 + Level 18.8 Translocations
 + Level 18.8 Transmutations
 + Level 18.8 Fire Magic
 + Level 18.8 Ice Magic
 + Level 18.8 Air Magic
 + Level 18.8 Earth Magic
 + Level 18.8 Poison Magic
 + Level 23.7 Invocations
 + Level 23.4 Evocations


You had 3 spell levels left.
You knew the following spells:

 Your Spells              Type           Power      Damage    Failure   Level
a - Magic Dart            Conj           100%       1d8       0%          1
b - Searing Ray           Conj           100%       2d8       0%          2
c - Iron Shot             Conj/Erth      49%        9d9       1%          6
d - Iskenderun's Mystic   Conj/Tloc      98%        2d19      0%          4
e - Ignite Poison         Fire/Tmut/Pois 97%        N/A       0%          3
f - Blink                 Tloc           100%       N/A       0%          2
g - Polar Vortex          Ice            48%        N/A       8%          9
h - Ozocubu's Refrigerat  Ice            48%        4d14      1%          7
i - Spellforged Servitor  Conj/Summ      49%        N/A       1%          7
j - Swiftness             Air            97%        N/A       0%          3
l - Yara's Violent Unrav  Hex/Tmut       48%        3d19      0%          5
m - Fire Storm            Conj/Fire      49%        8d12      6%          9
n - Shatter               Erth           48%        3d37*     8%          9

Your spell library contained the following spells:

 Spells                   Type           Power      Damage    Failure   Level
 Chain Lightning          Conj/Air       49%        3d65      6%          9
 Animate Skeleton         Necr           100%       N/A       0%          1
 Apportation              Tloc           100%       N/A       0%          1
 Beastly Appendage        Tmut           100%       N/A       0%          1
 Foxfire                  Conj/Fire      100%       2x1d9     0%          1
 Freeze                   Ice            100%       1d11      0%          1
 Pain                     Necr           100%       1d9       0%          1
 Shock                    Conj/Air       100%       1d9       0%          1
 Slow                     Hex            100%       N/A       0%          1
 Sting                    Tmut/Pois      100%       1d8       0%          1
 Summon Small Mammal      Summ           100%       N/A       0%          1
 Call Imp                 Summ           97%        N/A       0%          2
 Corpse Rot               Necr/Air       100%       N/A       0%          2
 Ensorcelled Hibernation  Hex/Ice        100%       N/A       0%          2
 Passwall                 Tmut/Erth      80%        N/A       0%          2
 Poisonous Vapours        Pois/Air       100%       N/A       0%          2
 Scorch                   Fire           100%       2d10      0%          2
 Sublimation of Blood     Necr           97%        N/A       0%          2
 Wereblood                Tmut           97%        N/A       0%          2
 Call Canine Familiar     Summ           97%        N/A       0%          3
 Confusing Touch          Hex            97%        N/A       0%          3
 Conjure Flame            Conj/Fire      98%        6-21      0%          3
 Dazzling Flash           Conj/Hex       100%       N/A       0%          3
 Frozen Ramparts          Ice            100%       1d12      0%          3
 Gell's Gravitas          Tloc           97%        N/A       0%          3
 Inner Flame              Hex/Fire       97%        N/A       0%          3
 Lesser Beckoning         Tloc           97%        N/A       0%          3
 Mephitic Cloud           Conj/Pois/Air  97%        N/A       0%          3
 Ozocubu's Armour         Ice            97%        N/A       0%          3
 Portal Projectile        Hex/Tloc       100%       N/A       0%          3
 Spider Form              Tmut/Pois      97%        N/A       0%          3
 Stone Arrow              Conj/Erth      100%       3d13      0%          3
 Summon Guardian Golem    Hex/Summ       97%        N/A       0%          3
 Teleport Other           Tloc           97%        N/A       0%          3
 Tukima's Dance           Hex            97%        N/A       0%          3
 Vampiric Draining        Necr           97%        2d12      0%          3
 Airstrike                Air            48%        N/A       0%          4
 Animate Armour           Summ/Erth      100%       N/A       0%          4
 Animate Dead             Necr           48%        N/A       0%          4
 Cause Fear               Hex            48%        N/A       0%          4
 Dispel Undead            Necr           97%        3d30      0%          4
 Flame Wave               Conj/Fire      98%        2d13      0%          4
 Fulminant Prism          Conj/Hex       49%        3d21      0%          4
 Hailstorm                Conj/Ice       98%        3d19      0%          4
 Ice Form                 Ice/Tmut       97%        N/A       0%          4
 Leda's Liquefaction      Hex/Erth       48%        N/A       0%          4
 Olgreb's Toxic Radiance  Pois           97%        N/A       0%          4
 Passage of Golubria      Tloc           97%        N/A       0%          4
 Summon Ice Beast         Ice/Summ       97%        N/A       0%          4
 Summon Lightning Spire   Summ/Air       97%        N/A       0%          4
 Alistair's Intoxication  Tmut/Pois      64%        N/A       0%          5
 Blade Hands              Tmut           48%        N/A       0%          5
 Borgnjor's Vile Clutch   Necr/Erth      48%        N/A       0%          5
 Fireball                 Conj/Fire      49%        3d19      0%          5
 Freezing Cloud           Conj/Ice/Air   48%        6-21      0%          5
 Lee's Rapid Deconstruct  Erth           48%        3d24*     0%          5
 Lightning Bolt           Conj/Air       49%        1d69      0%          5
 Manifold Assault         Tloc           97%        N/A       0%          5
 Metabolic Englaciation   Hex/Ice        48%        N/A       0%          5
 Silence                  Hex/Air        48%        N/A       0%          5
 Summon Forest            Summ/Tloc      48%        N/A       0%          5
 Summon Mana Viper        Hex/Summ       97%        N/A       0%          5
 Conjure Ball Lightning   Conj/Air       49%        3x3d17    1%          6
 Death Channel            Necr           48%        N/A       1%          6
 Dispersal                Tloc           48%        N/A       1%          6
 Simulacrum               Ice/Necr       48%        N/A       1%          6
 Starburst                Conj/Fire      49%        6d13      1%          6
 Summon Cactus Giant      Summ           48%        N/A       1%          6
 Enfeeble                 Hex            48%        N/A       1%          7
 Haunt                    Necr/Summ      48%        N/A       1%          7
 Malign Gateway           Summ/Tloc      48%        N/A       1%          7
 Monstrous Menagerie      Summ           48%        N/A       1%          7
 Orb of Destruction       Conj           49%        9d15      1%          7
 Storm Form               Tmut/Air       48%        N/A       1%          7
 Summon Hydra             Summ           48%        N/A       1%          7
 Borgnjor's Revivificati  Necr           48%        N/A       1%          8
 Discord                  Hex            48%        N/A       1%          8
 Disjunction              Tloc           48%        N/A       1%          8
 Ignition                 Fire           48%        3d14      1%          8
 Infestation              Necr           48%        N/A       1%          8
 Lehudib's Crystal Spear  Conj/Erth      49%        10d12     1%          8
 Necromutation            Tmut/Necr      48%        N/A       1%          8
 Summon Horrible Things   Summ           48%        N/A       1%          8
 Death's Door             Necr           48%        N/A       26%         9


Dungeon Overview and Level Annotations

Branches:
Dungeon (15/15)            Temple (1/1) D:6            Lair (6/6) D:11
 Shoals (4/4) Lair:3       Spider (4/4) Lair:2        Slime (5/5) Lair:5
    Orc (2/2) D:9             Elf (3/3) Orc:2        Vaults (5/5) D:13
  Crypt (3/3) Vaults:2       Tomb (1/3) Crypt:3      Depths (4/4) D:15
   Hell (visited)             Dis (0/7) Hell            Geh (7/7) Hell
    Coc (0/7) Hell            Tar (1/7) Hell            Zot (1/5) Depths:4
 Bailey (visited)         Volcano (visited)          WizLab (visited)
Gauntlet (visited)

Altars:
Ashenzari
Cheibriados
Dithmenos
Elyvilon
Fedhas
Gozag
Hepliaklqana
Kikubaaqudgha
Makhleb
Nemelex Xobeh
Okawaru
Qazlal
Ru
Sif Muna
Trog
Uskayaw
Vehumet
Wu Jian
Xom
Yredelemnul
Zin
The Shining One
Beogh
Jiyva

Shops:
D:6 (   D:9 (   D:13 *   D:14 ([(:?   D:15 (   Orc:2 *[[[*   Elf:3 (
Depths:2 [   Depths:4 :

Portals:
Hell: Depths:1 Depths:2 Depths:3 Depths:4
Abyss: Depths:3
Pandemonium: Depths:2
Trove: Depths:4 (give 13 potions of heal wounds)

Annotations:
D:8 2 transporters, UristMcRaven's ghost, novice OpEE
Crypt:1 Arizal's ghost, veteran MiBe; Wuppom's ghost, veteran GrFi
Depths:1 exclusion: orange crystal statue
Depths:2 2 transporters


Innate Abilities, Weirdness & Mutations

You have very sharp teeth.
Your uncanny sense of smell can sniff out nearby items.
Your experience applies equally to all skills.
You have a pair of small antennae on your head.
Your flesh is very cold resistant. (rC++)
You are dopey. (Int -2)
You are frail. (-10% HP)
You have a considerably increased reservoir of magic. (+20% MP)
Your muscles are strong. (Str +2)
You sometimes lose the ability to read scrolls when taking damage.


Message History

Your fire vortex hits something.
Your fire vortex dissipates!
The orb of fire glows yellow.
The bolt of fire hits you!! You resist.
* * * LOW HITPOINT WARNING * * *
Casting: Iron Shot (safe; 1% risk of failure)
Confirm with . or Enter, or press ? or * to list all spells.
Okay, then.
You cannot read scrolls in your current state!
Casting: Iron Shot (safe; 1% risk of failure)
Confirm with . or Enter, or press ? or * to list all spells.
The heat is drained from your surroundings.
You feel very cold.
The orbs of fire, the hell hounds and the balrug are frozen.
The orb of fire resists.
The orb of fire is lightly damaged.
The orb of fire resists.
The orb of fire is heavily damaged.
The orb of fire resists.
The orb of fire is heavily damaged.
The orb of fire resists.
You destroy the orb of fire!
Vehumet accepts your kill.
You feel your power returning.
The hell hound is frozen!
You kill the hell hound!
Vehumet accepts your kill.
The orb of fire resists.
The orb of fire is lightly damaged.
The balrug is frozen!
You kill the balrug!
Vehumet accepts your kill.
The hell hound is frozen!
You kill the hell hound!
Vehumet accepts your kill. Magical energy flows into your mind!
The winds around you start to calm down.
You float gracefully downwards.
The orb of fire glows bright magenta.
The fireball explodes!
The fireball engulfs you!!! You resist.
You die...

▓▓▓▓▓▓▓▓▓
.........▓▓
...°§§°§§§▓▓
≈.§§§§§§§§§▓▓
≈..§§§§§§§§§▓▓
≈..§§§§§§§§§§▓▓
†..§§§§§§§§§§§▓▓
.h*°§§§§@§§§§§.▓▓
.°*§§§§§§§§§§§∩.▓
D†.§§§§§§§§§°§.▓▓
.†§°*§§§§*§§§§▓▓
≈○.§§§§§§§§§§▓▓
§..§§§§§§§§§▓▓
≈...§.§°≈§.▓▓
..........▓▓
.........▓▓


You could see 4 orbs of fire and a hell hound.

Vanquished Creatures
  Cerebov (Pan)
  Asmodeus (Geh:7)
  the Royal Jelly (Slime:5)
  Lom Lobon (Pan)
  Gloorx Vloq (Pan)
  A dread lich (Crypt:3)
  2 ancient liches
  Mara (Crypt:3)
  2 orbs of fire (Zig:18)
  Mennas (Pan)
  2 juggernauts
  16 royal mummies (Tomb:1)
  Sojobo (Vaults:5)
  2 Killer Klowns (Zig:16)
  Saint Roka (Depths:4)
  Geryon (Hell)
  The ghost of niknal the Sensei, a veteran OpTm of Sif Muna (Depths:2)
  2 caustic shrikes
  2 golden dragons
  2 profane servitors (Zig:10)
  2 bone dragons
  Nikola (Shoals:2)
  14 Brimstone Fiends
  A Tzitzimitl (Hell)
  An iron giant (Zig:13)
  2 walking crystal tomes (Depths:2)
  7 hellephants
  7 tentacled monstrosities
  5 Ice Fiends
  A walking earthen tome (Depths:3)
  5 Hell Sentinels
  22 searing wretches
  9 liches
  A tainted leviathan (Tar:1)
  4 deep elf blademasters
  2 deep elf master archers (Elf:3)
  5 titans
  2 walking frostbound tomes (Depths:2)
  11 sphinxes
  A quicksilver dragon (Zot:1)
  29 Executioners
  4 tentacled starspawn
  10 pandemonium lords
  25 acid blobs
  12 ancient champions
  Agnes (Spider:1)
  Gastronok (Lair:3)
  Polyphemus (Shoals:3)
  Kirke (Lair:4)
  Ilsuiw (Shoals:3)
  6 shadow dragons
  6 storm dragons
  14 revenants
  Donald (Spider:2)
  A draconian knight (Depths:4)
  16 azure jellies
  2 azure jellies (shapeshifter) (Zig:16)
  20 rockslimes
  10 tengu reavers
  12 vault wardens
  A draconian monk (Zot:1)
  A draconian scorcher (Zot:1)
  4 orc warlords
  23 fire giants
  4 demonspawn warmongers (Pan)
  5 deep elf sorcerers
  3 ghost moths
  4 cacodemons (Pan)
  4 iron dragons
  48 balrugs
  16 frost giants
  5 quicksilver elementals (Zig:13)
  A caustic shrike zombie (Hell)
  8 emperor scorpions
  Aizul (Shoals:3)
  A draconian stormcaller (Zot:1)
  4 war gargoyles
  8 curse skulls
  16 ironbound preservers
  4 ghouls
  9 demonspawn corrupters
  2 draconian shifters
  2 caustic shrike skeletons (Pan)
  A juggernaut skeleton (Crypt:2)
  5 broodmothers
  17 quicksilver oozes
  15 very ugly things
  A spriggan defender (Depths:3)
  8 draconian annihilators
  5 ironbound thunderhulks
  12 stone giants
  7 deep elf demonologists
  A stone giant (shapeshifter) (Zig:16)
  19 reapers
  A bennu (Zig:7)
  7 entropy weavers
  2 green draconians
  7 demonspawn blood saints (Pan)
  7 vampire knights
  16 lorocyprocas
  3 yellow draconians
  12 dire elephants
  8 deep elf annihilators
  3 black draconians (Zot:1)
  A purple draconian (Zot:1)
  5 demonspawn black suns
  A minotaur (Gauntlet)
  3 red draconians
  7 white draconians
  Nessos (Lair:4)
  Snorg (D:11)
  11 spark wasps
  5 iron golems (Zig:13)
  9 blizzard demons
  5 jiangshi
  4 merfolk javelineers
  Josephine (D:12)
  10 green deaths
  18 yaktaur captains
  6 fire dragons
  7 deep elf death magi
  2 quicksilver dragon zombies (Hell)
  7 deep elf high priests
  10 ettins
  9 mummy priests
  8 eidola
  A spectral spriggan (Tar:1)
  A quicksilver dragon skeleton (Pan)
  10 merfolk impalers
  11 great orbs of eyes
  6 rakshasas
  10 hydras
  2 boulder beetles
  11 hell beasts
  3 merfolk avatars
  A spriggan skeleton (Pan)
  3 jorogumos
  29 vault guards
  9 ironbound frosthearts
  5 catoblepae
  11 ice dragons
  11 salamander tyrants
  5 spriggan air magi
  An ogre mage (Vaults:2)
  14 stokers
  3 anacondas (shapeshifter)
  2 radroaches
  8 merfolk aquamancers
  A peacekeeper (Vaults:3)
  An alligator (Zig:4)
  A death knight (D:15)
  14 death scarabs
  21 centaur warriors
  19 dancing weapons
  7 deep troll earth magi
  18 hell hogs
  5 two-headed ogres
  6 tengu warriors
  11 vampire magi
  3 death yaks (Shoals:3)
  2 deep troll shamans
  A titan zombie (Hell)
  11 orc high priests
  4 thrashing horrors
  15 deep elf knights
  28 soul eaters
  3 crystal echidnas (Zig:13)
  6 spriggan berserkers
  6 wretched stars
  32 hell knights
  64 sun demons
  A titan skeleton (Crypt:3)
  7 iron trolls
  16 sixfirhies
  A storm dragon zombie (Hell)
  A salamander mystic (Depths:2)
  2 steelbarb worms (shapeshifter) (Depths:2)
  7 pharaoh ants
  18 skeletal warriors
  A goliath frog (Zig:4)
  53 deep trolls
  10 shadow wraiths
  4 spriggans
  9 sea snakes
  An anaconda zombie (Abyss:1)
  A fire crab (Zig:18)
  A spatial maelstrom (Abyss:2)
  5 steelbarb worms
  2 spark wasp zombies
  A sun moth (Spider:2)
  A golden dragon zombie (Hell)
  8 glowing orange brains
  A glowing orange brain (shapeshifter) (Zig:16)
  18 wizards
  A sea snake (shapeshifter) (Zig:16)
  14 orb spiders
  A spriggan simulacrum (Hell)
  14 flayed ghosts
  30 harpies
  A swamp dragon (Lair:6)
  A bunyip skeleton (Pan)
  12 deep elf archers
  A bog body (Crypt:2)
  18 phantasmal warriors
  13 lindwurms
  11 shadow demons (Pan)
  2 shadow dragon zombies
  14 starcursed masses
  An obsidian statue (Depths:3)
  6 orc knights
  2 anaconda skeletons
  28 deep elf pyromancers
  31 wolf spiders
  28 deep elf zephyrmancers
  A jorogumo zombie (Crypt:1)
  An iron dragon zombie (Hell)
  A sphinx zombie (Hell)
  9 ironbound convokers
  7 necromancers
  52 ugly things
  2 frost giant zombies (Hell)
  A mana viper (shapeshifter) (Zig:16)
  11 manticores
  6 orc sorcerers
  13 shining eyes
  4 cyclopes
  An oklob plant (Lair:6)
  A cyclops (shapeshifter) (Vaults:5)
  A moth of wrath (shapeshifter) (Vaults:2)
  8 moths of wrath
  4 fauns (Shoals:1)
  7 salamanders
  6 merfolk sirens
  21 vault sentinels
  10 rust devils
  A worldbinder (Abyss:4)
  6 water nymphs
  7 black mambas
  A centaur zombie (D:10)
  4 gargoyles
  9 cane toads
  6 apocalypse crabs
  A dire elephant skeleton (Crypt:2)
  35 smoke demons
  2 torpor snails (Spider:2)
  Maggie (Lair:1)
  11 orange demons (Pan)
  2 torpor snails (shapeshifter) (Zig:16)
  A naga skeleton (Pan)
  7 eyes of devastation
  4 hellions
  A yellow draconian zombie (Crypt:2)
  8 rime drakes
  A pale draconian zombie (Crypt:1)
  6 efreet
  17 guardian mummies
  A minotaur zombie (Gauntlet)
  12 demonic crawlers
  19 yaktaurs
  6 freezing wraiths
  A komodo dragon (shapeshifter) (Zig:16)
  7 red devils
  3 tengu conjurers
  A death yak skeleton (Crypt:1)
  A yellow draconian skeleton (Crypt:1)
  18 hellwings (Pan)
  3 ice devils (Hell)
  10 tormentors
  4 ancient zymes
  14 merfolk
  A green draconian skeleton (Crypt:2)
  A harpy zombie (Hell)
  A polar bear (Lair:6)
  2 spectral harpies (Tar:1)
  A hydra zombie (Crypt:2)
  7 komodo dragons
  9 trolls
  8 wind drakes
  25 meliai
  A queen bee (D:11)
  4 hornets
  A bloated husk (Zig:4)
  A tyrant leech (Zig:4)
  2 blink frogs (shapeshifter)
  22 tarantellas
  A wind drake (shapeshifter) (Elf:2)
  Grinder (D:3)
  5 harpy skeletons
  6 dream sheep
  A dream sheep (shapeshifter) (Vaults:5)
  A hydra skeleton (Crypt:3)
  8 raiju
  27 large abominations
  An ettin zombie (Hell)
  6 snapping turtles
  A spriggan zombie (Hell)
  23 blink frogs
  128 slime creatures
  37 jumping spiders
  A jumping spider (shapeshifter) (D:15)
  23 flying skulls
  24 water elementals
  2 wyverns
  31 ynoxinuls
  7 air elementals
  An alligator skeleton (Crypt:1)
  5 vampires
  55 yaks
  17 culicivoras
  A merfolk skeleton (Crypt:3)
  Sigmund (D:4)
  2 shadows
  3 ettin skeletons
  22 wraiths
  5 fire elementals
  4 hogs (Lair:4)
  5 fire bats
  Eustachio (D:5)
  16 humans (D:13)
  9 ushabtiu
  5 neqoxecs
  5 basilisks
  8 golden eyes
  7 chaos spawn
  A minotaur simulacrum (Hell)
  68 redbacks
  A redback (shapeshifter) (Elf:1)
  5 steam dragons
  Edmund (D:5)
  A naga zombie (Tomb:1)
  18 wargs
  A floating eye (shapeshifter) (Zig:16)
  16 water moccasins
  Duvessa (D:7)
  3 acid dragons
  19 hell hounds
  4 floating eyes
  A hornet zombie (D:6)
  8 small abominations
  A cane toad skeleton (Crypt:1)
  3 ice beasts
  40 orc warriors
  A meliai simulacrum (D:14)
  2 sky beasts (shapeshifter)
  15 wolves
  4 boggarts (D:14)
  3 necrophages
  8 ogres
  2 hog zombies
  22 centaurs
  A phantom (D:4)
  The ghost of Froggeryz the Cudgeller, an amateur GrWr (D:3)
  3 kobold brigands
  8 bullfrogs
  A salamander skeleton (Crypt:2)
  A naga simulacrum (Hell)
  A gnoll sergeant (D:7)
  2 scorpions
  An earth elemental (Elf:2)
  Dowan (D:7)
  A water moccasin zombie (Crypt:1)
  2 tengu zombies (Hell)
  35 killer bees
  9 troll zombies
  4 wights
  16 electric eels
  3 howler monkeys
  2 lava snakes (D:14)
  A bullfrog zombie (D:5)
  A jelly (shapeshifter) (Vaults:5)
  2 jellies (D:5)
  Crazy Yiuf (D:2)
  A hound (D:7)
  A bullfrog skeleton (D:3)
  38 orc priests
  A gnoll shaman (D:10)
  2 centaur skeletons
  Terence (D:3)
  2 iguanas (Lair:6)
  24 orc wizards
  A killer bee zombie (D:7)
  An ogre zombie (WizLab)
  A felid skeleton (Crypt:1)
  2 hound skeletons (D:4)
  23 mummies
  Robin (D:3)
  21 gnolls
  9 adders
  2 shadow imps (D:7)
  3 white imps
  3 ufetubi
  3 dart slugs
  91 orcs
  10 ball pythons
  A bat zombie (Crypt:2)
  6 endoplasms
  4 giant cockroaches
  17 goblins
  9 hobgoblins
  5 jackals
  4 quokkas
  4 bats (D:1)
  3 frilled lizards
  A hobgoblin skeleton (Crypt:1)
  34 kobolds
  7 rats
  6 ball lightnings (Pan)
  A butterfly (Lair:5)
  6 creeping infernos
  72 fire vortices
  A lurking horror (Abyss:2)
  2 starspawn tentacles (Zig:12)
3374 creatures vanquished.

Vanquished Creatures (collateral kills)
  An ancient lich (Vaults:5)
  2 juggernauts
  The ghost of Vecvo the Warrior, a veteran GrFi of the Shining One (Crypt:1)
  5 royal mummies (Tomb:1)
  A caustic shrike (shapeshifter) (Zig:16)
  A golden dragon (Vaults:5)
  2 bone dragons
  A pandemonium lord (Pan)
  A Brimstone Fiend (Pan)
  2 Tzitzimimeh (Pan)
  A doom hound (Tar:1)
  A tentacled monstrosity (Depths:3)
  Mlioglotl (Shoals:4)
  2 searing wretches
  An Ice Fiend (Zig:16)
  A walking divine tome (Depths:3)
  2 titans
  A deep elf master archer (Elf:3)
  3 Executioners (Pan)
  2 sphinxes
  An ancient champion (Zig:17)
  A shadow dragon (Vaults:5)
  3 tengu reavers
  A storm dragon (Vaults:5)
  3 revenants
  An azure jelly (D:14)
  A draconian monk (Zot:1)
  2 deep elf sorcerers (Elf:3)
  A fire giant (Vaults:5)
  3 frost giants
  3 demonspawn warmongers (Pan)
  A balrug (Geh:7)
  2 emperor scorpions (Spider:4)
  An iron dragon (Depths:2)
  A vault warden (Vaults:1)
  A spriggan defender (Depths:3)
  A demonspawn corrupter (Pan)
  A curse skull (Zig:9)
  An ironbound preserver (Vaults:3)
  5 reapers (Pan)
  2 war gargoyles
  A very ugly thing (Depths:3)
  A spectral juggernaut (Tar:1)
  A stone giant (Vaults:5)
  2 demonspawn blood saints (Pan)
  An ironbound thunderhulk (Vaults:2)
  A bennu (Zig:7)
  A vampire knight (Crypt:1)
  A purple draconian (Depths:4)
  2 dire elephants (Vaults:2)
  A putrid mouth (Tar:1)
  A deep elf demonologist (Elf:3)
  A demonspawn black sun (Pan)
  A deep elf annihilator (Elf:3)
  An eidolon (Zig:17)
  A spark wasp (Depths:3)
  2 blizzard demons
  3 ettins
  4 merfolk impalers (Shoals:4)
  2 fire dragons
  A jiangshi (Depths:2)
  2 yaktaur captains
  An ironbound frostheart (Vaults:1)
  2 ice dragons
  A spriggan skeleton (Crypt:3)
  A stoker (Geh:7)
  7 dancing weapons
  A merfolk aquamancer (Shoals:4)
  A tengu warrior (Depths:1)
  2 death scarabs (Tomb:1)
  A hell hog (Geh:7)
  A deep elf knight (Elf:2)
  A hell knight (Crypt:3)
  A sun demon (Pan)
  A shadow wraith (Pan)
  A spectral anaconda (Tar:1)
  An iron troll (Depths:2)
  10 skeletal warriors
  A flayed ghost (Crypt:3)
  An orb spider (Spider:4)
  A glowing orange brain (Pan)
  3 sea snakes
  2 deep trolls
  4 harpies
  2 deep elf pyromancers (Elf:2)
  A sphinx skeleton (Zig:7)
  3 phantasmal warriors
  3 ugly things (Vaults:1)
  2 ironbound convokers
  A worldbinder (Abyss:4)
  A spectral ice dragon (Tar:1)
  A manticore (Shoals:4)
  A shining eye (shapeshifter) (Vaults:5)
  A merfolk siren (Shoals:4)
  3 vault sentinels
  2 rust devils (Pan)
  An eye of devastation (Zig:15)
  4 smoke demons
  A water nymph (Shoals:4)
  2 gargoyles (Crypt:3)
  A komodo dragon (D:13)
  A yaktaur zombie (Vaults:2)
  An efreet (Pan)
  A yaktaur (Vaults:1)
  A tengu conjurer (Depths:1)
  2 freezing wraiths
  2 guardian mummies
  3 slime creatures
  A wind drake (Shoals:4)
  A hornet (Vaults:5)
  2 large abominations (Pan)
  2 dream sheep (Shoals:4)
  A snapping turtle (Shoals:4)
  8 water elementals
  3 air elementals (Shoals:4)
  A flying skull (Tomb:1)
  A wraith (D:9)
  4 ushabtiu (Tomb:1)
  8 yaks
  2 basilisks (Lair:6)
  A wyvern (D:9)
  A two-headed ogre zombie (WizLab)
  A warg (D:11)
  A water moccasin (Lair:2)
  A wolf (Lair:5)
  An earth elemental (Elf:3)
  A wyvern zombie (D:4)
  A glowing shapeshifter simulacrum (Vaults:2)
  2 troll zombies (WizLab)
  2 killer bees
  2 wights (WizLab)
  2 orc wizards
  3 ogre zombies (WizLab)
  3 mummies (Zig:7)
  A gnoll (D:4)
  An adder (D:5)
  4 orcs
  3 hobgoblins
  16 kobolds
  A fire vortex (Geh:7)
267 creatures vanquished.

Vanquished Creatures (others)
  A titan (Pan)
  A draconian annihilator (Pan)
  A vampire knight (Depths:4)
  3 green deaths (Pan)
  A blizzard demon (Pan)
  A glowing orange brain (Pan)
  3 smoke demons (Pan)
  A rime drake (Lair:6)
  2 hellwings (Pan)
  A snapping turtle (Shoals:2)
  2 water elementals (Shoals:4)
  A yak (Lair:5)
  A human (shapeshifter) (Elf:1)
  A warg (D:11)
  A bullfrog (D:7)
  A killer bee (D:8)
  An electric eel (D:12)
  An orc (Elf:1)
  2 kobolds (D:4)
  21 ball lightnings
  A block of ice (Pan)
  342 fire vortices
  23 fungi
  146 plants
559 creatures vanquished.

Grand Total: 4200 creatures vanquished

Notes
Turn   | Place    | Note
-------+----------+-------------------------------------------
     0 | D:1      | LordBelias the Gnoll Conjurer began the quest for the Orb.
     0 | D:1      | Reached XP level 1. HP: 13/13 MP: 6/6
   155 | D:1      | Reached XP level 2. HP: 17/19 MP: 3/7
  1013 | D:2      | Reached skill level 5 in Spellcasting
  1013 | D:2      | Reached XP level 3. HP: 17/25 MP: 1/9
  1125 | D:2      | Learned a level 2 spell: Searing Ray
  1234 | D:2      | Reached skill level 1 in Invocations
  1408 | D:2      | Reached skill level 1 in Fighting
  1408 | D:2      | Reached skill level 1 in Short Blades
  1408 | D:2      | Reached skill level 1 in Long Blades
  1408 | D:2      | Reached skill level 1 in Axes
  1408 | D:2      | Reached skill level 1 in Maces & Flails
  1408 | D:2      | Reached skill level 1 in Polearms
  1408 | D:2      | Reached skill level 1 in Staves
  1408 | D:2      | Reached skill level 1 in Slings
  1408 | D:2      | Reached skill level 1 in Bows
  1408 | D:2      | Reached skill level 1 in Crossbows
  1408 | D:2      | Reached skill level 1 in Throwing
  1408 | D:2      | Reached skill level 1 in Armour
  1408 | D:2      | Reached skill level 1 in Shields
  1408 | D:2      | Reached skill level 1 in Unarmed Combat
  1408 | D:2      | Reached skill level 1 in Evocations
  1481 | D:2      | Reached XP level 4. HP: 32/32 MP: 1/11
  1532 | D:2      | Reached skill level 1 in Hexes
  1532 | D:2      | Reached skill level 1 in Summonings
  1532 | D:2      | Reached skill level 1 in Necromancy
  1532 | D:2      | Reached skill level 1 in Translocations
  1532 | D:2      | Reached skill level 1 in Transmutations
  1532 | D:2      | Reached skill level 1 in Fire Magic
  1532 | D:2      | Reached skill level 1 in Ice Magic
  1532 | D:2      | Reached skill level 1 in Air Magic
  1532 | D:2      | Reached skill level 1 in Earth Magic
  1532 | D:2      | Reached skill level 1 in Poison Magic
  1955 | D:2      | Learned a level 3 spell: Mephitic Cloud
  1957 | D:2      | Found a runed translucent door.
  1958 | D:2      | Noticed Crazy Yiuf
  2373 | D:2      | Killed Crazy Yiuf
  2374 | D:2      | Reached XP level 5. HP: 37/37 MP: 2/12
  2526 | D:3      | Noticed Grinder
  2527 | D:3      | Paralysed by Grinder for 2 turns
  2549 | D:3      | Killed Grinder
  2550 | D:3      | Reached skill level 5 in Dodging
  2550 | D:3      | Reached XP level 6. HP: 24/44 MP: 1/14
  2739 | D:3      | Noticed Robin
  2751 | D:3      | Killed Robin
  2869 | D:3      | Noticed a glowing shapeshifter
  2869 | D:3      | an orc wizard changed into a glowing shapeshifter
  2869 | D:3      | Noticed a water nymph
  2869 | D:3      | a glowing shapeshifter changed into a water nymph
  2872 | D:3      | Noticed an anaconda
  2872 | D:3      | a water nymph changed into an anaconda
  2873 | D:3      | Noticed a steelbarb worm
  2873 | D:3      | an anaconda changed into a steelbarb worm
  2876 | D:3      | Noticed a shock serpent
  2877 | D:3      | Noticed a floating eye
  2877 | D:3      | a shock serpent changed into a floating eye
  2887 | D:3      | Noticed a swamp worm
  3218 | D:3      | Noticed a faun
  3220 | D:3      | Noticed a two-headed ogre
  3220 | D:3      | a faun changed into a two-headed ogre
  3223 | D:3      | Noticed a glowing shapeshifter
  3223 | D:3      | a two-headed ogre changed into a glowing shapeshifter
  3224 | D:3      | Noticed a lindwurm
  3224 | D:3      | a glowing shapeshifter changed into a lindwurm
  3225 | D:3      | Noticed a merfolk
  3225 | D:3      | a lindwurm changed into a merfolk
  3227 | D:3      | Noticed a slime creature
  3227 | D:3      | a merfolk changed into a slime creature
  3227 | D:3      | Noticed a bunyip
  3227 | D:3      | a slime creature changed into a bunyip
  3540 | D:3      | Found a runed translucent door.
  3540 | D:3      | Noticed Froggeryz's ghost (amateur GrWr)
  3554 | D:3      | Killed Froggeryz's ghost
  3555 | D:3      | Reached XP level 7. HP: 21/50 MP: 15/15
  3824 | D:3      | Noticed Terence
  3840 | D:3      | Killed Terence
  4594 | D:3      | Noticed a snapping turtle
  4602 | D:3      | Noticed an eye of devastation
  4602 | D:3      | a snapping turtle changed into an eye of devastation
  4604 | D:3      | Noticed an orb spider
  4604 | D:3      | an eye of devastation changed into an orb spider
  4607 | D:3      | Noticed a glowing shapeshifter
  4607 | D:3      | an orb spider changed into a glowing shapeshifter
  4884 | D:4      | Reached skill level 5 in Stealth
  4980 | D:4      | Got the Reference Book on the Hurtful Voyage
  4986 | D:4      | Learned a level 4 spell: Iskenderun's Mystic Blast
  5454 | D:4      | Reached XP level 8. HP: 50/57 MP: 16/16
  5591 | D:4      | Noticed Sigmund
  5625 | D:4      | Killed Sigmund
  6660 | D:5      | Entered Level 5 of the Dungeon
  7033 | D:5      | Reached skill level 6 in Dodging
  7095 | D:5      | Noticed Eustachio
  7108 | D:5      | Killed Eustachio
  7109 | D:5      | Reached XP level 9. HP: 57/65 MP: 7/18
  7325 | D:5      | Noticed Edmund
  7341 | D:5      | Killed Edmund
  7672 | D:3      | Noticed a broodmother
  7672 | D:3      | Noticed an entropy weaver
  7672 | D:3      | a broodmother changed into an entropy weaver
  8141 | D:6      | Found Oczuygon's Weapon Shop.
  8311 | D:6      | Found a staircase to the Ecumenical Temple.
  8319 | Temple   | Entered the Ecumenical Temple
 10231 | D:7      | Identified a scroll of acquirement
 10240 | D:7      | Acquired the +9 staff of Olgreb {rPois∞}
 10240 | D:7      | Found the +9 staff of Olgreb {rPois∞}
 10305 | D:7      | Learned a level 3 spell: Ignite Poison
 10405 | D:7      | Reached skill level 5 in Invocations
 10800 | D:7      | Found a flagged portal.
 10809 | Bailey   | Entered a bailey
 10998 | Bailey   | Noticed an orc warlord
 11072 | Bailey   | Found a runed translucent gate.
 11073 | Bailey   | Found a runed translucent gate.
 11074 | Bailey   | Found a runed translucent gate.
 11237 | Bailey   | Reached XP level 10. HP: 64/73 MP: 20/20
 11268 | Bailey   | Learned a level 2 spell: Blink
 11302 | Bailey   | Killed an orc warlord
 11303 | Bailey   | Reached skill level 5 in Fighting
 11303 | Bailey   | Reached skill level 5 in Short Blades
 11303 | Bailey   | Reached skill level 5 in Long Blades
 11303 | Bailey   | Reached skill level 5 in Axes
 11303 | Bailey   | Reached skill level 5 in Maces & Flails
 11303 | Bailey   | Reached skill level 5 in Polearms
 11303 | Bailey   | Reached skill level 5 in Staves
 11303 | Bailey   | Reached skill level 5 in Slings
 11303 | Bailey   | Reached skill level 5 in Bows
 11303 | Bailey   | Reached skill level 5 in Crossbows
 11303 | Bailey   | Reached skill level 5 in Throwing
 11303 | Bailey   | Reached skill level 5 in Armour
 11303 | Bailey   | Reached skill level 5 in Shields
 11303 | Bailey   | Reached skill level 5 in Unarmed Combat
 11303 | Bailey   | Reached skill level 5 in Evocations
 11642 | Bailey   | Got the Tome of the Lethal Oath
 11643 | Bailey   | Acquired quicksilver dragon scales
 11783 | D:7      | Upgraded the game from 0.28-a0-1334-g1c9ffb4daf to
                  | 0.28-a0-1344-g6b9ff3a05d
 11794 | D:7      | Reached skill level 7 in Dodging
 12253 | D:7      | Noticed Duvessa
 12254 | D:7      | Noticed Dowan
 12273 | D:7      | Killed Duvessa
 12275 | D:7      | Killed Dowan
 12934 | D:8      | Found a transporter.
 12941 | D:8      | Noticed a two-headed ogre
 12965 | D:8      | Killed a two-headed ogre
 13101 | D:8      | Found a transporter.
 13102 | D:8      | Found a bloodstained altar of Trog.
 13102 | D:8      | Noticed a two-headed ogre
 13112 | D:8      | Noticed a moth of wrath
 13329 | D:8      | Found a radiant altar of Vehumet.
 13336 | D:8      | Became a worshipper of Vehumet
 13567 | D:8      | Noticed UristMcRaven's ghost (novice OpEE)
 13860 | D:9      | Found a staircase to the Orcish Mines.
 13944 | D:9      | Reached skill level 8 in Dodging
 13944 | D:9      | Reached XP level 11. HP: 76/81 MP: 17/22
 14055 | D:9      | Found a blossoming altar of Fedhas.
 14089 | D:9      | Found Qacuis's Weapon Boutique.
 14240 | D:10     | Entered Level 10 of the Dungeon
 14681 | D:10     | Reached skill level 5 in Hexes
 14681 | D:10     | Reached skill level 5 in Summonings
 14681 | D:10     | Reached skill level 5 in Necromancy
 14681 | D:10     | Reached skill level 5 in Translocations
 14681 | D:10     | Reached skill level 5 in Transmutations
 14681 | D:10     | Reached skill level 5 in Fire Magic
 14681 | D:10     | Reached skill level 5 in Ice Magic
 14681 | D:10     | Reached skill level 5 in Air Magic
 14681 | D:10     | Reached skill level 5 in Earth Magic
 14681 | D:10     | Reached skill level 5 in Poison Magic
 14828 | D:10     | Found a sparkling altar of Nemelex Xobeh.
 14829 | D:10     | Found a basalt altar of Yredelemnul.
 15159 | D:11     | Noticed a boulder beetle
 15166 | D:11     | Killed a boulder beetle
 15166 | D:11     | Reached * piety under Vehumet
 15166 | D:11     | Offered knowledge of Freeze by Vehumet.
 15260 | D:11     | Found a gate leading to a gauntlet.
 15265 | Gauntlet | Entered a Gauntlet
 15265 | Gauntlet | Noticed a moth of wrath
 15265 | Gauntlet | Found a transporter.
 15265 | Gauntlet | Found a transporter.
 15265 | Gauntlet | Found a transporter.
 15275 | Gauntlet | Found a transporter.
 15278 | Gauntlet | Found a transporter.
 15284 | Gauntlet | Found a runed translucent gate.
 15286 | Gauntlet | Found a transporter.
 15287 | Gauntlet | Found a runed translucent gate.
 15288 | Gauntlet | Found a runed translucent gate.
 15289 | Gauntlet | Found a transporter.
 15300 | Gauntlet | Found a transporter.
 15312 | Gauntlet | Noticed a death yak
 15312 | Gauntlet | Noticed a death yak
 15314 | Gauntlet | Noticed a death yak
 15315 | Gauntlet | Found a transporter.
 15315 | Gauntlet | Noticed a death yak
 15315 | Gauntlet | Noticed a death yak
 15315 | Gauntlet | Noticed a death yak
 15316 | Gauntlet | Noticed a necromancer
 15333 | Gauntlet | Found a transporter.
 15336 | Gauntlet | Found a transporter.
 15346 | Gauntlet | Found a transporter.
 15502 | Gauntlet | Killed a moth of wrath
 15560 | Gauntlet | Identified the ring of Darkness {+Blink Str+2 Slay+4}
 15564 | Gauntlet | Identified the +0 pair of gloves of the Morning {rElec}
 15576 | Gauntlet | Noticed a minotaur
 15592 | Gauntlet | Killed a minotaur
 15605 | Gauntlet | Reached skill level 9 in Dodging
 15607 | Gauntlet | Identified the amulet "Viuq" {Reflect +Inv rF++ SH+5}
 15659 | D:11     | Found a staircase to the Lair.
 15947 | D:11     | Noticed Snorg
 15959 | D:11     | Killed Snorg
 16513 | D:11     | Noticed a manticore
 16525 | D:11     | Killed a manticore
 16526 | D:11     | Reached XP level 12. HP: 65/89 MP: 8/24
 16648 | D:11     | Offered knowledge of Sandblast by Vehumet.
 16648 | D:11     | Reached ** piety under Vehumet
 16759 | Lair:1   | Entered Level 1 of the Lair of Beasts
 16944 | Lair:1   | Noticed a six-headed hydra
 16944 | Lair:1   | Noticed a catoblepas
 16968 | Lair:1   | Killed a six-headed hydra
 16969 | Lair:1   | Reached skill level 10 in Dodging
 17030 | Lair:1   | Killed a catoblepas
 17030 | Lair:1   | Offered knowledge of Scorch by Vehumet.
 17050 | D:11     | Learned a level 5 spell: Freezing Cloud
 17236 | Lair:1   | Noticed Maggie
 17246 | Lair:1   | Killed Maggie
 17304 | Lair:1   | Noticed a seven-headed hydra
 17310 | Lair:1   | Killed a seven-headed hydra
 17460 | Lair:1   | Reached *** piety under Vehumet
 17776 | Lair:2   | Noticed a seven-headed hydra
 17783 | Lair:2   | Killed a seven-headed hydra
 17959 | Lair:2   | Noticed an eight-headed hydra
 17972 | Lair:2   | Reached XP level 13. HP: 92/98 MP: 19/26
 18000 | Lair:2   | Offered knowledge of Sticky Flame by Vehumet.
 18002 | Lair:2   | Reached skill level 11 in Dodging
 18479 | Lair:2   | Found a hole to the Spider Nest.
 18790 | Lair:2   | Reached skill level 10 in Conjurations
 18883 | Lair:2   | Reached **** piety under Vehumet
 19061 | Lair:3   | Noticed Gastronok
 19063 | Lair:3   | Offered knowledge of Iskenderun's Battlesphere by Vehumet.
 19068 | Lair:3   | Killed Gastronok
 19459 | Lair:3   | Found a staircase to the Shoals.
 19933 | Lair:4   | Noticed Nessos
 19937 | Lair:4   | Killed Nessos
 19938 | Lair:4   | Reached skill level 10 in Spellcasting
 20008 | Lair:4   | Noticed Kirke
 20015 | Lair:4   | Killed Kirke
 20016 | Lair:4   | Reached skill level 12 in Dodging
 20446 | Lair:5   | Reached XP level 14. HP: 106/106 MP: 27/28
 20465 | Lair:5   | Found a viscous altar of Jiyva.
 20465 | Lair:5   | Found a staircase to the Slime Pits.
 20774 | Lair:5   | Identified the +8 quarterstaff of Habrewn {vorpal, Int+5
                  | Dex+4 Stlth+}
 21138 | Lair:6   | Entered Level 6 of the Lair of Beasts
 21145 | Lair:6   | Reached ***** piety under Vehumet
 21151 | Lair:6   | Reached skill level 10 in Stealth
 21255 | Lair:6   | Offered knowledge of Spellforged Servitor by Vehumet.
 21263 | Lair:6   | Learned a level 6 spell: Conjure Ball Lightning
 21416 | Lair:6   | Reached skill level 10 in Invocations
 21471 | Lair:6   | Learned a level 7 spell: Spellforged Servitor
 22574 | Spider:1 | Entered Level 1 of the Spider Nest
 22735 | Spider:1 | Reached skill level 13 in Dodging
 23007 | Spider:1 | Noticed a broodmother
 23025 | Spider:1 | Killed a broodmother
 23316 | Spider:1 | Upgraded the game from 0.28-a0-1344-g6b9ff3a05d to
                  | 0.28-a0-1348-g050f3537b9
 23357 | Spider:1 | Reached XP level 15. HP: 84/115 MP: 29/29
 23464 | Spider:1 | Noticed Agnes
 23475 | Spider:1 | Killed Agnes
 23953 | Spider:2 | Reached skill level 10 in Fighting
 23953 | Spider:2 | Reached skill level 10 in Short Blades
 23953 | Spider:2 | Reached skill level 10 in Long Blades
 23953 | Spider:2 | Reached skill level 10 in Axes
 23953 | Spider:2 | Reached skill level 10 in Maces & Flails
 23953 | Spider:2 | Reached skill level 10 in Polearms
 23953 | Spider:2 | Reached skill level 10 in Staves
 23953 | Spider:2 | Reached skill level 10 in Slings
 23953 | Spider:2 | Reached skill level 10 in Bows
 23953 | Spider:2 | Reached skill level 10 in Crossbows
 23953 | Spider:2 | Reached skill level 10 in Throwing
 23953 | Spider:2 | Reached skill level 10 in Armour
 23953 | Spider:2 | Reached skill level 10 in Shields
 23953 | Spider:2 | Reached skill level 10 in Unarmed Combat
 23953 | Spider:2 | Reached skill level 10 in Evocations
 24168 | Spider:2 | Noticed Donald
 24177 | Spider:2 | Killed Donald
 24183 | Spider:2 | Offered knowledge of Starburst by Vehumet.
 24350 | Spider:2 | Noticed an emperor scorpion
 24364 | Spider:2 | Reached skill level 14 in Dodging
 24364 | Spider:2 | Killed an emperor scorpion
 24887 | Spider:2 | Noticed a ghost moth
 24909 | Spider:2 | Killed a ghost moth
 25535 | Spider:3 | Reached XP level 16. HP: 99/123 MP: 31/31
 25620 | Spider:3 | Reached ****** piety under Vehumet
 25684 | Spider:3 | Offered knowledge of Ozocubu's Refrigeration by Vehumet.
 25723 | Spider:3 | Learned a level 7 spell: Ozocubu's Refrigeration
 25731 | Spider:3 | Learned a level 6 spell: Iron Shot
 26456 | Spider:4 | Entered Level 4 of the Spider Nest
 27111 | Spider:4 | Reached skill level 15 in Dodging
 27524 | Spider:4 | Offered knowledge of Orb of Destruction by Vehumet.
 27690 | Spider:4 | Reached XP level 17. HP: 70/131 MP: 20/33
 27946 | Spider:4 | Got a gossamer rune of Zot
 28470 | D:12     | Acquired 759 gold pieces
 28483 | D:12     | Reached XP level 18. HP: 138/138 MP: 32/34
 28492 | D:12     | Noticed Josephine
 28500 | D:12     | Killed Josephine
 28619 | D:12     | Identified the amulet "Syhaubb" {Reflect rF++ SH+5}
 29074 | D:13     | Found a gate to the Vaults.
 29078 | D:13     | Reached skill level 16 in Dodging
 29104 | D:13     | Learned a level 3 spell: Swiftness
 29211 | D:13     | Found Bishui's Changing Room.
 29275 | D:13     | Found a sacrificial altar of Ru.
 29421 | D:13     | Offered knowledge of Irradiate by Vehumet.
 29434 | D:13     | Reached skill level 10 in Hexes
 29434 | D:13     | Reached skill level 10 in Summonings
 29434 | D:13     | Reached skill level 10 in Necromancy
 29434 | D:13     | Reached skill level 10 in Translocations
 29434 | D:13     | Reached skill level 10 in Transmutations
 29434 | D:13     | Reached skill level 10 in Fire Magic
 29434 | D:13     | Reached skill level 10 in Ice Magic
 29434 | D:13     | Reached skill level 10 in Air Magic
 29434 | D:13     | Reached skill level 10 in Earth Magic
 29434 | D:13     | Reached skill level 10 in Poison Magic
 30412 | D:14     | Found Raokkan's Antique Weapon Shoppe.
 30547 | D:14     | Found Kopusaof's Armour Shoppe.
 30556 | D:14     | Found Axkol's Antique Weapon Shop.
 30626 | D:14     | Bought a warped scimitar for 252 gold pieces
 30626 | D:14     | Identified the +5 scimitar "Qaofam" {venom, rElec rCorr
                  | Dex-2 SInv} (You bought it in a shop on level 14 of the
                  | Dungeon)
 30626 | D:14     | Bought a dazzling short sword for 224 gold pieces
 30626 | D:14     | Identified the +9 short sword "Lufaasu" {protect, SInv}
                  | (You bought it in a shop on level 14 of the Dungeon)
 30770 | D:14     | Acquired 885 gold pieces
 30789 | D:14     | Found a frozen archway.
 31108 | D:14     | Found Typaq's Magic Scroll Shop.
 31118 | D:14     | Bought a scroll of acquirement for 728 gold pieces
 31118 | D:14     | Acquired 800 gold pieces
 31665 | D:14     | Found Ateteum's Book Shoppe.
 31670 | D:14     | Learned a level 2 spell: Passwall
 31723 | D:15     | Entered Level 15 of the Dungeon
 31829 | D:15     | Found Iquutrir's Antique Weapon Shop.
 31841 | D:15     | Bought a brightly glowing hand axe for 256 gold pieces
 31841 | D:15     | Identified the +5 hand axe "Ymes" {vorpal, Will+} (You
                  | bought it in a shop on level 15 of the Dungeon)
 32263 | D:15     | Found a staircase to the Depths.
 32739 | Orc:1    | Entered Level 1 of the Orcish Mines
 33217 | Orc:2    | Entered Level 2 of the Orcish Mines
 33217 | Orc:2    | Found Iwuagid's Armour Shop.
 33229 | Orc:2    | Found an iron altar of Okawaru.
 33232 | Orc:2    | Found a dark tunnel.
 33241 | Volcano  | Entered a volcano
 33273 | Volcano  | Offered knowledge of Fireball by Vehumet.
 33789 | Orc:2    | Found Heicethi's Armour Emporium.
 33811 | Orc:2    | Found Veuryquaj's General Store.
 33815 | Orc:2    | Reached XP level 19. HP: 129/146 MP: 36/36
 33922 | Orc:2    | Found Ikagaum's General Store.
 33932 | Orc:2    | Found Peuhaake's Antique Armour Shop.
 34225 | Orc:2    | Found a staircase to the Elven Halls.
 34372 | Elf:1    | Entered Level 1 of the Elven Halls
 34498 | Elf:1    | Reached skill level 17 in Dodging
 34498 | Elf:1    | Noticed an Ice Fiend
 34498 | Elf:1    | Offered knowledge of Eringya's Noxious Bog by Vehumet.
 34499 | Elf:1    | Noticed a Brimstone Fiend
 34561 | Elf:1    | Identified the +0 plate armour of Gozag's Whim {Dex+4}
 34592 | Elf:1    | Found a runed translucent gate.
 34592 | Elf:1    | Found a runed translucent gate.
 34592 | Elf:1    | Found a runed translucent gate.
 34592 | Elf:1    | Found a runed translucent gate.
 34592 | Elf:1    | Found a runed translucent gate.
 34593 | Elf:1    | Found a runed translucent gate.
 35810 | Elf:2    | Paralysed by an air elemental for 1 turns
 35815 | Elf:2    | Paralysed by an air elemental for 1 turns
 36281 | Elf:2    | Found a runed translucent gate.
 36282 | Elf:2    | Found a runed translucent gate.
 36282 | Elf:2    | Found a runed translucent gate.
 37514 | Elf:3    | Entered Level 3 of the Elven Halls
 37517 | Elf:3    | Found a magical portal.
 37535 | WizLab   | Entered Zonguldrok's Shrine
 37700 | WizLab   | Reached XP level 20. HP: 155/156 MP: 21/37
 37787 | WizLab   | Upgraded the game from 0.28-a0-1348-g050f3537b9 to
                  | 0.28-a0-1365-g7e0445c96d
 37830 | WizLab   | Noticed an antique lich
 37836 | WizLab   | Killed an antique lich
 37840 | WizLab   | Identified the +10 double sword "Peyhuho" {pain, Int+4
                  | Dex+5}
 37899 | WizLab   | Gained mutation: You have hidden genetic potential. [potion
                  | of mutation]
 37899 | WizLab   | Gained mutation: You are weak. (Str -2) [potion of
                  | mutation]
 37900 | WizLab   | Lost mutation: You are weak. (Str -2) [potion of mutation]
 37900 | WizLab   | Lost mutation: You have hidden genetic potential. [potion
                  | of mutation]
 37900 | WizLab   | Gained mutation: Your flesh is heat resistant. (rF+)
                  | [potion of mutation]
 37900 | WizLab   | Gained mutation: You passively map a small area around you.
                  | [potion of mutation]
 38307 | Elf:3    | Found a radiant altar of Vehumet.
 38350 | Elf:3    | Reached skill level 18 in Dodging
 38353 | Elf:3    | Identified the +7 mace of Xoas {vorpal, *Rage Dex+4}
 38998 | Elf:3    | Found Riraffuk's Antique Weapon Boutique.
 39196 | Elf:3    | Identified the +5 ring mail of Baldness {Regen+}
 39351 | Elf:3    | Offered knowledge of Fire Storm by Vehumet.
 39351 | Elf:3    | Offered knowledge of Shatter by Vehumet.
 39351 | Elf:3    | Offered knowledge of Chain Lightning by Vehumet.
 39450 | Elf:3    | Identified the +3 plate armour of Otea {Regen+ Str+4}
 40225 | Elf:3    | Noticed a Brimstone Fiend
 40356 | Elf:3    | Identified the +2 ring mail of Fanaticism {Regen+ MP+9
                  | Int+4 Dex+2}
 40427 | Elf:3    | Got the Compendium of Enchantment
 40455 | Elf:3    | Identified the +0 helmet of the Butterfly {Harm}
 40475 | Elf:3    | Learned a level 5 spell: Yara's Violent Unravelling
 40857 | Shoals:1 | Entered Level 1 of the Shoals
 41832 | Shoals:2 | You fall into a shaft and drop 1 floor!
 41832 | Shoals:3 | Found the +9 staff of Wucad Mu {*channel}
 41838 | Shoals:3 | Noticed Polyphemus
 41848 | Shoals:3 | Killed Polyphemus
 41950 | Shoals:3 | Identified the +8 chain mail of Qazlal's Outrage {Str+2}
 42179 | Shoals:3 | Noticed Ilsuiw
 42202 | Shoals:3 | Killed Ilsuiw
 42330 | Shoals:3 | Noticed Aizul
 42355 | Shoals:3 | Killed Aizul
 42449 | Shoals:3 | Reached XP level 21. HP: 162/164 MP: 39/39
 42489 | Shoals:4 | Entered Level 4 of the Shoals
 42489 | Shoals:4 | Noticed Mlioglotl
 42489 | Shoals:4 | Found a stormy altar of Qazlal.
 42500 | Shoals:4 | Killed Mlioglotl
 42634 | Shoals:4 | Reached skill level 15 in Invocations
 42655 | Shoals:4 | Paralysed by an air elemental for 1 turns
 42812 | Shoals:4 | Paralysed by an air elemental for 1 turns
 42819 | Shoals:4 | Reached skill level 19 in Dodging
 43078 | Shoals:4 | Paralysed by an air elemental for 1 turns
 43080 | Shoals:4 | Paralysed by an air elemental for 1 turns
 43136 | Shoals:4 | Paralysed by an air elemental for 1 turns
 43151 | Shoals:4 | Paralysed by an air elemental for 1 turns
 43368 | Shoals:4 | Paralysed by an air elemental for 1 turns
 43370 | Shoals:4 | Paralysed by an air elemental for 1 turns
 43417 | Shoals:4 | Got a barnacled rune of Zot
 43420 | Shoals:4 | Got the Collected Works on Venom
 43423 | Shoals:4 | Got the Tome of the Hunter
 43816 | Shoals:4 | Found a stormy altar of Qazlal.
 43898 | Shoals:4 | Paralysed by an air elemental for 1 turns
 44229 | Vaults:1 | Entered Level 1 of the Vaults
 44625 | Shoals:2 | Reached skill level 15 in Spellcasting
 44626 | Shoals:2 | Noticed Nikola
 44741 | Shoals:2 | Killed Nikola
 44871 | Lair:1   | Upgraded the game from 0.28-a0-1365-g7e0445c96d to
                  | 0.28-a0-1382-g92835e5c71
 44942 | Vaults:1 | Reached skill level 15 in Axes
 45798 | Vaults:1 | Reached skill level 15 in Stealth
 46153 | Vaults:1 | Reached XP level 22. HP: 136/173 MP: 41/41
 46553 | Vaults:2 | Found a staircase to the Crypt.
 46780 | Vaults:2 | Reached skill level 20 in Dodging
 47959 | Vaults:3 | Reached skill level 15 in Fighting
 47959 | Vaults:3 | Reached skill level 15 in Short Blades
 47959 | Vaults:3 | Reached skill level 15 in Long Blades
 47959 | Vaults:3 | Reached skill level 15 in Maces & Flails
 47959 | Vaults:3 | Reached skill level 15 in Polearms
 47959 | Vaults:3 | Reached skill level 15 in Staves
 47959 | Vaults:3 | Reached skill level 15 in Slings
 47959 | Vaults:3 | Reached skill level 15 in Bows
 47959 | Vaults:3 | Reached skill level 15 in Crossbows
 47959 | Vaults:3 | Reached skill level 15 in Throwing
 47959 | Vaults:3 | Reached skill level 15 in Armour
 47959 | Vaults:3 | Reached skill level 15 in Shields
 47959 | Vaults:3 | Reached skill level 15 in Unarmed Combat
 47959 | Vaults:3 | Reached skill level 15 in Evocations
 49233 | Vaults:4 | Reached XP level 23. HP: 180/181 MP: 42/42
 49267 | Vaults:4 | Identified the +5 cloak "Felo Fum" {*Corrode rN+++ Str+4}
 50533 | Vaults:5 | Entered Level 5 of the Vaults
 50537 | Vaults:5 | Reached skill level 21 in Dodging
 50764 | Vaults:5 | Identified the ring of Music {Fly rC+ rN++ Will+}
 50932 | Vaults:5 | Noticed a golden dragon
 50940 | Vaults:5 | Killed a golden dragon
 50943 | Vaults:5 | Reached skill level 15 in Conjurations
 51288 | Vaults:5 | Noticed an ancient lich
 51294 | Vaults:5 | Killed an ancient lich
 51295 | Vaults:5 | Noticed Sojobo
 51300 | Vaults:5 | Reached XP level 24. HP: 131/191 MP: 8/43
 51310 | Vaults:5 | Killed Sojobo
 52164 | Vaults:5 | Got Optoleb's Disquisition on Cold and Clay
 52242 | Vaults:5 | Got a silver rune of Zot
 52781 | Vaults:5 | Learned a level 9 spell: Fire Storm
 52938 | Crypt:1  | Entered Level 1 of the Crypt
 53034 | Crypt:1  | Found a transporter.
 53042 | Crypt:1  | Noticed Vecvo's ghost (veteran GrFi)
 53050 | Crypt:1  | Found a transporter.
 53052 | Crypt:1  | Noticed Arizal's ghost (veteran MiBe)
 53085 | Crypt:1  | Noticed a royal mummy
 53411 | D:14     | Bought an orb of energy for 192 gold pieces
 54387 | Crypt:1  | Reached skill level 22 in Dodging
 54570 | Crypt:1  | Noticed Wuppom's ghost (veteran GrFi)
 54638 | Crypt:1  | Killed Vecvo's ghost
 55768 | Crypt:3  | Entered Level 3 of the Crypt
 55768 | Crypt:3  | Noticed Mara
 55769 | Crypt:3  | Upgraded the game from 0.28-a0-1382-g92835e5c71 to
                  | 0.28-a0-1387-g3a22ab9bdc
 55773 | Crypt:3  | Killed Mara
 56148 | Crypt:3  | Reached XP level 25. HP: 174/199 MP: 44/44
 56302 | Crypt:3  | Acquired 729 gold pieces
 56790 | Crypt:3  | Found a staircase to the Tomb.
 56942 | Crypt:3  | Found an ancient bone altar of Kikubaaqudgha.
 56944 | Crypt:3  | Noticed a dread lich
 56948 | Crypt:3  | Killed a dread lich
 56973 | Crypt:3  | Identified the ring "Igrufeof" {Fire rElec rCorr Str+5
                  | Int-4}
 57144 | Crypt:3  | Got the Disquisition on Black Secrets
 57498 | Depths:1 | Entered Level 1 of the Depths
 57940 | Depths:2 | Found a gateway to Hell.
 58273 | Depths:1 | Found a one-way gateway to a ziggurat.
 58602 | Depths:1 | Found an opulent altar of Gozag.
 58758 | Depths:1 | You fall into a shaft and drop 1 floor!
 59315 | Depths:2 | Found a one-way gate leading to the halls of Pandemonium.
 59569 | Depths:2 | Noticed a juggernaut
 59582 | Depths:2 | Killed a juggernaut
 59782 | Depths:2 | Reached skill level 23 in Dodging
 59957 | Depths:2 | Found a transporter.
 59967 | Depths:2 | Found a transporter.
 59984 | Depths:2 | Noticed niknal's ghost (veteran OpTm)
 60137 | Depths:2 | Found Muloqohi's Armour Shoppe.
 60410 | Depths:3 | Found a one-way gate to the infinite horrors of the Abyss.
 61070 | Depths:3 | Noticed a juggernaut
 61076 | Depths:3 | Killed a juggernaut
 61077 | Depths:3 | Reached XP level 26. HP: 200/208 MP: 44/44
 61082 | Depths:3 | Identified the +7 war axe of Juminova {vamp, rF+ rCorr
                  | Stlth+}
 61095 | Depths:3 | Found an opulent altar of Gozag.
 61168 | Depths:3 | Found a shimmering altar of Xom.
 61169 | Depths:3 | Found a burning altar of Makhleb.
 61169 | Depths:3 | Found a radiant altar of Vehumet.
 61510 | Depths:3 | Found a gateway to a bazaar.
 61527 | Bazaar   | Entered a bazaar
 61534 | Bazaar   | Found Jicradon's Assorted Antiques.
 61558 | Bazaar   | Found Bajocw's Jewellery Shop.
 61589 | Bazaar   | Found Suddemel's Armour Shop.
 61589 | Bazaar   | Found Jorphogypp's Distillery.
 61624 | Bazaar   | Bought the ring of Nurr {rPois rC+ rCorr Str-3} for 568
                  | gold pieces
 61648 | Bazaar   | Bought a potion of haste for 140 gold pieces
 61699 | Depths:3 | Found a hide-covered altar of Uskayaw.
 61964 | Depths:4 | Entered Level 4 of the Depths
 62052 | Depths:4 | Found a gate to the Realm of Zot.
 62468 | Depths:4 | Noticed Saint Roka
 62489 | Depths:4 | Killed Saint Roka
 62665 | Depths:4 | Found a sparkling altar of Nemelex Xobeh.
 62723 | Depths:4 | Found a portal to a secret trove of treasure.
 62913 | Depths:4 | Found Enuupoom's Book Emporium.
 63224 | Hell     | Entered the Vestibule of Hell
 63224 | Hell     | Noticed Geryon
 63665 | Slime:1  | Entered Level 1 of the Pits of Slime
 64483 | Slime:3  | Gained mutation: You occasionally shout uncontrollably at
                  | your foes. [a shining eye]
 64485 | Slime:3  | Reached skill level 15 in Hexes
 64485 | Slime:3  | Reached skill level 15 in Summonings
 64485 | Slime:3  | Reached skill level 15 in Necromancy
 64485 | Slime:3  | Reached skill level 15 in Translocations
 64485 | Slime:3  | Reached skill level 15 in Transmutations
 64485 | Slime:3  | Reached skill level 15 in Fire Magic
 64485 | Slime:3  | Reached skill level 15 in Ice Magic
 64485 | Slime:3  | Reached skill level 15 in Air Magic
 64485 | Slime:3  | Reached skill level 15 in Earth Magic
 64485 | Slime:3  | Reached skill level 15 in Poison Magic
 64967 | Slime:5  | Entered Level 5 of the Pits of Slime
 64983 | Slime:5  | Noticed the Royal Jelly
 65010 | Slime:5  | Paralysed by a floating eye for 2 turns
 65017 | Slime:5  | Killed the Royal Jelly
 65018 | Slime:5  | Reached skill level 24 in Dodging
 65023 | Slime:5  | Gained mutation: You frequently scream uncontrollably at
                  | your foes. [a shining eye]
 65141 | Slime:5  | Gained mutation: You sometimes lose the ability to read
                  | scrolls when taking damage. [a shining eye]
 65142 | Slime:5  | Gained mutation: Your body sometimes deteriorates upon
                  | taking damage. [a shining eye]
 65161 | Slime:5  | Reached XP level 27. HP: 208/217 MP: 45/45
 65176 | Slime:5  | Identified the +12 hand axe of Nyttum {pain, Int+5 SInv}
 65200 | Slime:5  | Got a slimy rune of Zot
 65205 | Slime:5  | Acquired 845 gold pieces
 65215 | Slime:5  | Found the amulet of the Air {Inacc Air Fly rElec RMsl}
 65267 | Slime:5  | Identified the +4 glaive of Vuzxam {flame, Int+3 SInv}
 65923 | Hell     | Killed Geryon
 66037 | Hell     | Found a gateway to the ashen valley of Gehenna.
 66135 | Hell     | Found a gateway to the freezing wastes of Cocytus.
 66283 | Hell     | Found a gateway to the Iron City of Dis.
 66549 | Hell     | Found a gateway to the decaying netherworld of Tartarus.
 66630 | Tar:1    | Entered Level 1 of Tartarus
 66861 | Geh:1    | Entered Level 1 of Gehenna
 67829 | Zot:1    | Entered Level 1 of the Realm of Zot
 68204 | Zot:1    | Reached skill level 25 in Dodging
 68812 | Hell     | Upgraded the game from 0.28-a0-1387-g3a22ab9bdc to
                  | 0.28-a0-1389-gc726bef33b
 69036 | Geh:7    | Entered Level 7 of Gehenna
 69398 | Geh:7    | Found the +9 scales of the Dragon King {rPois rF+ rC+
                  | Will+}
 69494 | Geh:7    | Found the +7 sceptre of Asmodeus
 69494 | Geh:7    | Noticed Asmodeus
 69515 | Geh:7    | Killed Asmodeus
 69565 | Geh:7    | Got an obsidian rune of Zot
 69861 | Geh:7    | Identified the +2 pair of gloves of Fashionability {Dex+2}
 69869 | Geh:7    | Identified the +3 leather armour of Daffodils {rElec Dex+4}
 69928 | Geh:7    | Identified the +6 arbalest "Goblinslayer" {elec, Will+}
 70159 | Depths:3 | Voluntarily entered the Abyss.
 70159 | Abyss:1  | Found a corrupted altar of Lugonu.
 70230 | Abyss:1  | Found a corrupted altar of Lugonu.
 70487 | Depths:3 | Escaped the Abyss
 70697 | Lair:1   | Lost mutation: Your body sometimes deteriorates upon taking
                  | damage. [potion of mutation]
 70697 | Lair:1   | Lost mutation: Your flesh is heat resistant. (rF+) [potion
                  | of mutation]
 70697 | Lair:1   | Gained mutation: You are frail. (-10% HP) [potion of
                  | mutation]
 70697 | Lair:1   | Gained mutation: You have a somewhat thin skeletal
                  | structure. (Dex +2, Stealth+) [potion of mutation]
 70697 | Lair:1   | Gained mutation: You have a pair of small antennae on your
                  | head. [potion of mutation]
 70698 | Lair:1   | Lost mutation: You sometimes lose the ability to read
                  | scrolls when taking damage. [potion of mutation]
 70698 | Lair:1   | Lost mutation: You passively map a small area around you.
                  | [potion of mutation]
 70698 | Lair:1   | Gained mutation: You sometimes lose the ability to read
                  | scrolls when taking damage. [potion of mutation]
 70698 | Lair:1   | Gained mutation: Your flesh is cold resistant. (rC+)
                  | [potion of mutation]
 70699 | Lair:1   | Lost mutation: You frequently scream uncontrollably at your
                  | foes. [potion of mutation]
 70699 | Lair:1   | Lost mutation: You sometimes lose the ability to read
                  | scrolls when taking damage. [potion of mutation]
 70699 | Lair:1   | Lost mutation: You occasionally shout uncontrollably at
                  | your foes. [potion of mutation]
 70699 | Lair:1   | Gained mutation: Your magical capacity is low. (-10% MP)
                  | [potion of mutation]
 70700 | Lair:1   | Lost mutation: You are frail. (-10% HP) [potion of
                  | mutation]
 70700 | Lair:1   | Lost mutation: Your magical capacity is low. (-10% MP)
                  | [potion of mutation]
 70700 | Lair:1   | Gained mutation: You are partially covered in iridescent
                  | scales. (AC +2) [potion of mutation]
 70700 | Lair:1   | Gained mutation: You are occasionally teleported next to
                  | monsters. [potion of mutation]
 70700 | Lair:1   | Gained mutation: Your flesh is very cold resistant. (rC++)
                  | [potion of mutation]
 70700 | Lair:1   | Gained mutation: You are robust. (+10% HP) [potion of
                  | mutation]
 70705 | Lair:1   | Lost mutation: You are partially covered in iridescent
                  | scales. (AC +2) [potion of mutation]
 70705 | Lair:1   | Lost mutation: You are robust. (+10% HP) [potion of
                  | mutation]
 70705 | Lair:1   | Lost mutation: You have a somewhat thin skeletal structure.
                  | (Dex +2, Stealth+) [potion of mutation]
 70705 | Lair:1   | Gained mutation: You are partially covered in iridescent
                  | scales. (AC +2) [potion of mutation]
 70705 | Lair:1   | Gained mutation: You have an increased reservoir of magic.
                  | (+10% MP) [potion of mutation]
 70705 | Lair:1   | Gained mutation: You have a considerably increased
                  | reservoir of magic. (+20% MP) [potion of mutation]
 70706 | Lair:1   | Lost mutation: You are occasionally teleported next to
                  | monsters. [potion of mutation]
 70706 | Lair:1   | Lost mutation: You are partially covered in iridescent
                  | scales. (AC +2) [potion of mutation]
 70706 | Lair:1   | Gained mutation: Your muscles are strong. (Str +2) [potion
                  | of mutation]
 70944 | Depths:3 | Voluntarily entered the Abyss.
 71055 | Abyss:4  | Found a shimmering blue altar of Sif Muna.
 71176 | Abyss:5  | Entered Level 5 of the Abyss
 71250 | Abyss:5  | Found a corrupted altar of Lugonu.
 71278 | Abyss:5  | Got an abyssal rune of Zot
 71297 | Depths:3 | Escaped the Abyss
 71362 | Pan      | Entered Pandemonium
 71590 | Pan      | Identified the +0 plate armour "Qeblacuk" {Will++ rCorr
                  | Dex-2}
 71721 | Pan      | Found an exit through the horrors of the Abyss.
 71880 | Pan      | Noticed Ohag the pandemonium lord
 72062 | Pan      | Killed Ohag the pandemonium lord
 72063 | Pan      | Reached skill level 26 in Dodging
 72478 | Pan      | Noticed Lyolioji the pandemonium lord
 72491 | Pan      | Killed Lyolioji the pandemonium lord
 72999 | Pan      | Noticed Mennas
 73120 | Pan      | Killed Mennas
 73245 | Pan      | Noticed Caaxatucu the pandemonium lord
 73256 | Pan      | Killed Caaxatucu the pandemonium lord
 73974 | Pan      | Noticed Ubareed the pandemonium lord
 73981 | Pan      | Killed Ubareed the pandemonium lord
 73994 | Pan      | Identified the +2 scale mail of Experimentation {rN+ Will++
                  | Dex+3}
 74172 | Pan      | Paralysed by accursed screaming for 2 turns
 74321 | Pan      | Gained mutation: You are frail. (-10% HP) [a cacodemon]
 74415 | Depths:2 | Escaped Pandemonium
 74519 | Depths:2 | Learned a level 9 spell: Shatter
 74549 | Depths:2 | Killed niknal's ghost
 74691 | Depths:2 | Identified the ring "Gievic Yghe" {+Blink Will+ Str+6
                  | Dex+3}
 74800 | Pan      | Entered Pandemonium
 75055 | Pan      | Noticed Ireesuma the pandemonium lord
 75068 | Pan      | Killed Ireesuma the pandemonium lord
 75153 | Pan      | Entered the realm of Gloorx Vloq.
 75236 | Pan      | Identified the +2 flail of Coing {spect, *Corrode rN+ Dex+6
                  | Stlth-}
 75323 | Pan      | Reached skill level 27 in Dodging
 75379 | Pan      | Found an exit through the horrors of the Abyss.
 75557 | Pan      | Noticed Gloorx Vloq
 75565 | Pan      | Killed Gloorx Vloq
 75574 | Pan      | Got a dark rune of Zot
 76219 | Pan      | Entered the realm of Cerebov.
 76578 | Pan      | Found an exit through the horrors of the Abyss.
 76725 | Pan      | Identified the ring of Kihanuoss {rElec Str+2 Int+6 Dex+4}
 76865 | Pan      | Found the +6 sword of Cerebov {flame}
 76865 | Pan      | Noticed Cerebov
 76881 | Pan      | Identified the ring "Birhesch" {rCorr Int+5 Dex+2 Slay-3
                  | SInv}
 76884 | Pan      | Killed Cerebov
 76908 | Pan      | Identified the +4 fustibalus of Infinite Pain {venom, rC+}
 76913 | Pan      | Identified the +0 leather armour of Ethics {Fly Dex-4
                  | Stlth+}
 76914 | Pan      | Identified the ring "Talleqirgh" {rPois rN+ rCorr Dex-5
                  | Slay+2}
 76961 | Pan      | Identified the ring "Neiwoly" {rF++ rC++ Will+ Dex-2}
 76977 | Pan      | Got the Guide on Fiery Shape Shifting
 76983 | Pan      | Identified the +0 spear "Doczot" {antimagic, rF+++ Str+2
                  | Dex-5 Stlth+}
 77013 | Pan      | Got the Catalogue of Frigorific Enchantment
 77028 | Pan      | Identified the +9 shortbow of Defiance {venom, +Blink Will+
                  | Str+4 Int-5}
 77062 | Pan      | Identified the ring "Cetahi" {Fly rElec}
 77093 | Pan      | Got a fiery rune of Zot
 77169 | Pan      | Learned a level 9 spell: Polar Vortex
 77175 | Pan      | Entered the realm of Lom Lobon.
 77175 | Pan      | Noticed Lom Lobon
 77255 | Pan      | Upgraded the game from 0.28-a0-1389-gc726bef33b to
                  | 0.28-a0-1395-g4f6bc678fa
 77508 | Pan      | Found an exit through the horrors of the Abyss.
 77803 | Pan      | Killed Lom Lobon
 77842 | Pan      | Got a magical rune of Zot
 77964 | Pan      | Noticed Joularunu the pandemonium lord
 77971 | Pan      | Killed Joularunu the pandemonium lord
 78242 | Pan      | Identified the +11 chain mail of the Soldier {Dex+4}
 78597 | Pan      | Found an exit through the horrors of the Abyss.
 78829 | Depths:2 | Escaped Pandemonium
 79168 | Tomb:1   | Entered Level 1 of the Tomb of the Ancients
 79578 | Tomb:1   | Noticed a royal mummy
 79584 | Tomb:1   | Killed a royal mummy
 79655 | Tomb:1   | Noticed a royal mummy
 79659 | Tomb:1   | Killed a royal mummy
 80066 | Tomb:1   | Noticed a royal mummy
 80066 | Tomb:1   | Noticed a royal mummy
 80066 | Tomb:1   | Noticed a royal mummy
 80067 | Tomb:1   | Noticed a royal mummy
 80072 | Tomb:1   | Killed a royal mummy
 80073 | Tomb:1   | Killed a royal mummy
 80075 | Tomb:1   | Killed a royal mummy
 80076 | Tomb:1   | Killed a royal mummy
 80078 | Tomb:1   | Noticed a royal mummy
 80078 | Tomb:1   | Noticed a royal mummy
 80082 | Tomb:1   | Killed a royal mummy
 80083 | Tomb:1   | Killed a royal mummy
 80083 | Tomb:1   | Noticed a royal mummy
 80087 | Tomb:1   | Noticed a royal mummy
 80087 | Tomb:1   | Killed a royal mummy
 80277 | Tomb:1   | Killed a royal mummy
 80312 | Tomb:1   | Noticed a royal mummy
 80324 | Tomb:1   | Killed a royal mummy
 80325 | Tomb:1   | Noticed a royal mummy
 80329 | Tomb:1   | Killed a royal mummy
 80382 | Tomb:1   | Noticed a royal mummy
 80382 | Tomb:1   | Noticed a royal mummy
 80387 | Tomb:1   | Noticed a royal mummy
 80394 | Tomb:1   | Killed a royal mummy
 80437 | Tomb:1   | Killed a royal mummy
 80446 | Tomb:1   | Noticed a royal mummy
 80534 | Tomb:1   | Killed a royal mummy
 80571 | Tomb:1   | Noticed a royal mummy
 80576 | Tomb:1   | Killed a royal mummy
 80598 | Tomb:1   | Noticed a royal mummy
 80602 | Tomb:1   | Killed a royal mummy
 80635 | Tomb:1   | Noticed a royal mummy
 80638 | Tomb:1   | Killed a royal mummy
 80668 | Tomb:1   | Noticed a royal mummy
 80674 | Tomb:1   | Killed a royal mummy
 80781 | Tomb:1   | Noticed a royal mummy
 80794 | Tomb:1   | Killed a royal mummy
 80989 | Tomb:1   | Killed a royal mummy
 81391 | Zig:1    | Entered Level 1 of a ziggurat
 81412 | Zig:2    | Entered Level 2 of a ziggurat
 81434 | Zig:3    | Entered Level 3 of a ziggurat
 81458 | Zig:4    | Entered Level 4 of a ziggurat
 81482 | Zig:5    | Entered Level 5 of a ziggurat
 81509 | Zig:6    | Entered Level 6 of a ziggurat
 81553 | Zig:7    | Entered Level 7 of a ziggurat
 81574 | Zig:7    | Found the ring of Shadows {Umbra +Inv Stlth+}
 81589 | Zig:7    | Identified the +6 morningstar of Dismay {vorpal, rElec rN++
                  | Str+4 Int-2}
 81590 | Zig:7    | Identified the amulet "Letugo" {Reflect -Cast Str+5 Dex+8
                  | SH+5 Stlth+}
 81674 | Zig:8    | Entered Level 8 of a ziggurat
 81683 | Zig:8    | Noticed Huadukow the pandemonium lord
 81689 | Zig:8    | Killed Huadukow the pandemonium lord
 81696 | Zig:8    | Identified the +7 quarterstaff "Uqoum" {flame, rPois Str+4
                  | Dex+4}
 81783 | Zig:9    | Entered Level 9 of a ziggurat
 81884 | Zig:10   | Entered Level 10 of a ziggurat
 81933 | Zig:10   | Identified the +10 shortbow "Ytiy" {vorpal, rN+}
 81977 | Zig:11   | Entered Level 11 of a ziggurat
 81987 | Zig:11   | Noticed a juggernaut
 81991 | Zig:11   | Killed a juggernaut
 81996 | Zig:11   | Noticed a juggernaut
 82001 | Zig:11   | Killed a juggernaut
 82012 | Zig:11   | Identified the +4 falchion of the Gnat {freeze, rC+ rN++
                  | Will+}
 82030 | Zig:12   | Entered Level 12 of a ziggurat
 82046 | Zig:12   | Found the +10 morningstar "Eos" {elec, Halo rElec}
 82097 | Zig:13   | Entered Level 13 of a ziggurat
 82157 | Zig:13   | Identified the +1 whip of Insomnia {freeze, Int+4 Dex-5
                  | Stlth+}
 82164 | Zig:13   | Identified the amulet "Rodox" {Harm Will+ Regen+}
 82204 | Zig:14   | Entered Level 14 of a ziggurat
 82233 | Zig:14   | Identified the +12 arbalest "Impslayer" {vorpal, Drain rF++
                  | rN+ Str+3}
 82235 | Zig:14   | Got the Incunabulum of Creative Feathers
 82251 | Zig:14   | Identified the +8 dagger "Inuomen" {antimagic, Str+3 Dex+2
                  | Stlth+}
 82253 | Zig:14   | Identified the +5 quarterstaff "Qaynais" {freeze, rPois
                  | Will+}
 82266 | Zig:15   | Entered Level 15 of a ziggurat
 82296 | Zig:15   | Identified the amulet of Moral Flaws {rC+ Regen+ rCorr}
 82297 | Zig:15   | Identified the +1 plate armour "Jagefax" {rCorr Dex-3
                  | Stlth+}
 82315 | Zig:16   | Entered Level 16 of a ziggurat
 82326 | Zig:16   | Noticed Eschicot the pandemonium lord
 82328 | Zig:16   | Noticed Rigosidi the pandemonium lord
 82329 | Zig:16   | Noticed Biappoto the pandemonium lord
 82329 | Zig:16   | Killed Eschicot the pandemonium lord
 82330 | Zig:16   | Killed Rigosidi the pandemonium lord
 82330 | Zig:16   | Noticed Nutrao the pandemonium lord
 82331 | Zig:16   | Killed Biappoto the pandemonium lord
 82337 | Zig:16   | Killed Nutrao the pandemonium lord
 82349 | Zig:16   | Identified the ring of Wu Jian's Pride {Wiz rC- Will++
                  | Dex-2 SInv}
 82394 | Zig:16   | Identified the ring "Qeseep" {Ice rCorr Int+3}
 82396 | Zig:16   | Identified the +3 scimitar of Joyful Slaughter {vamp, Str+6
                  | Dex+2 Stlth-}
 82427 | Zig:17   | Entered Level 17 of a ziggurat
 82446 | Zig:17   | Noticed an ancient lich
 82447 | Zig:17   | Killed an ancient lich
 82476 | Zig:17   | Identified the +2 scale mail "Fofaot" {rF+}
 82497 | Zig:18   | Entered Level 18 of a ziggurat
 82506 | Zig:18   | Noticed an orb of fire
 82507 | Zig:18   | Gained mutation: You sometimes lose the ability to read
                  | scrolls when taking damage. [an orb of fire]
 82507 | Zig:18   | Noticed an orb of fire
 82511 | Zig:18   | Noticed an orb of fire
 82511 | Zig:18   | Noticed an orb of fire
 82512 | Zig:18   | Noticed an orb of fire
 82512 | Zig:18   | Noticed an orb of fire
 82513 | Zig:18   | Gained mutation: You are dopey. (Int -2) [an orb of fire]
 82514 | Zig:18   | Killed an orb of fire
 82515 | Zig:18   | Killed an orb of fire
 82515 | Zig:18   | Killed from afar by an orb of fire

Illustrated notes

Levels and vault maps discovered:
D:1:      erik_arrival_cave_to_civilisation [erik_arrival_cave_to_hall],
          layout_loops_ring
D:2:      layout_basic, uniq_crazy_yiuf_cottage
D:3:      layout_loops_ring, ebering_ghost_sewer_d, uniq_terence, uniq_grinder,
          uniq_robin
D:4:      minmay_goblin_kobold_castle, layout_basic, minmay_misc_feat_x,
          st_stairs_5, uniq_sigmund
D:5:      layout_basic, uniq_eustachio, uniq_edmund
D:6:      layout_loops_corners, minmay_temple_entry_proselytizer, serial_shops,
          nicolae_shop_bloodbath_and_beyond
D:7:      layout_cave_pods, enter_bailey_3, serial_bayou_lake_a, uniq_duvessa
D:8:      layout_cave_pools, vehumet_crystals, gammafunk_ghost_wrathful_warriors
D:9:      layout_big_octagon, mainiacjoe_overflow_alcove_4, orc_0_dummy,
          serial_shops, nicolae_take_the_stairs
D:10:     layout_roguey, mainiacjoe_overflow_divided_tiny, kennysheep_potato
D:11:     layout_roguey [special_room_bee], erik_lair_orcish_takeover,
          gauntlet_entry_generic, uniq_snorg
D:12:     layout_loops_ring, lemuel_freeze_loot_1, uniq_josephine
D:13:     nicolae_cairo_tiling, layout_basic, david_vaults_3,
          nicolae_transmutations_shop, nicolae_ru_the_path_less_chosen
D:14:     layout_basic, serial_shops, shop, shop_coins, shop,
          nicolae_shop_trees, shop_statue, portal_ice_cave_entry_frozen_things,
          hangedman_stone_soup, hangedman_incinerator
D:15:     gammafunk_enter_depths_forms, layout_loops_ring, serial_shops, shop
Temple:   nicolae_temple_no_exploring_needed
Lair:1:   layout_roguey, uniq_maggie
Lair:2:   layout_cave_pods, spider_nest_entry_web_field, columned_hall_lemuel,
          serial_bayou_lagoon_b, infiniplex_staircase_pool_2
Lair:3:   layout_regular_city, elwin_shoals_entry_rooms, uniq_gastronok
Lair:4:   layout_hall_layers, beast_lair_carwin_2, uniq_nessos, uniq_kirke
Lair:5:   layout_small_grid, slime_altar_1, minmay_hedge_maze,
          chequers_serial_rivers_large_a, lemuel_old_faithful,
          lemuel_fruit_fields
Lair:6:   guppyfry_lair_end_dragon, layout_cellular_growth
Shoals:1: layout_shoals
Shoals:2: layout_shoals, nicolae_shoals_aquamancer_cove, uniq_nikola
Shoals:3: layout_shoals, uniq_polyphemus, uniq_ilsuiw, uniq_aizul
Shoals:4: shoals_end_hellmonk_storm_palace [storm_palace_center_circular,
          storm_palace_corner_blocked, storm_palace_corner_reverse_hut,
          storm_palace_corner_altar, storm_palace_corner_altar], serial_shops,
          uniq_mlioglotl
Spider:1: layout_spider_delve, uniq_agnes
Spider:2: layout_spider_delve, uniq_donald
Spider:3: layout_spider_delve
Spider:4: grunt_spider_rune_circles
Slime:1:  cheibrodos_slime_lost_civilization_3, layout_caves,
          cheibrodos_slime_lost_civilization_4
Slime:2:  layout_caves
Slime:3:  layout_caves
Slime:4:  layout_caves
Slime:5
Orc:1:    cheibrodos_orc_guarddog, layout_caves
Orc:2:    st_orc_town, layout_caves, enter_volcano_2, serial_shops,
          nicolae_shop_waterfront, okawaru_metal_pillars_1_2
Elf:1:    nicolae_elf_arrival_no_cutting_in_line, layout_loops_cross,
          orc_legates
Elf:2:    elven_hall_of_blades_hangedman_original
          [nicolae_blade_entry_area_security], layout_geoelf_grid
Elf:3:    minmay_elf_hall_furrowed, layout_loops_cross, serial_shops,
          nicolae_lakefront_shop, basic_altar, infiniplex_enter_wizlab_water,
          drop_trap
Vaults:1: vaults_room_stairs_pillars, ontoclasm_vaults_idyll,
          ontoclasm_vaults_ring_small, v_rooms_5, ontoclasm_vaults_shuriken,
          hangedman_vaults_variations, vaults_mumra_minichess_inversion,
          v_misc_24, nicolae_vaults_yaktaur_gun_rack, nicolae_vaults_alarming,
          v_misc_2, layout_vaults_omnicross
Vaults:2: vaults_room_pool, v_misc_30, dpeg_vaults_waves,
          minmay_crypt_entry_nasty_monster, vaults_room_stairs_pillars,
          hangedman_vaults_nodes, ontoclasm_vaults_decontamination, v_misc_13,
          layout_vaults_big_room
Vaults:3: nicolae_vaults_network_periphery, nicolae_vaults_little_squares_3,
          nicolae_vaults_little_squares_2, hangedman_vaults_hard_town_square,
          hangedman_vaults_nails, v_misc_12, vaults_dpeg_diagonal,
          vaults_room_corners, dpeg_vaults_monster_box, ontoclasm_vaults_fault,
          layout_vaults_quadrants
Vaults:4: v_misc_22, nicolae_vaults_arrows, v_misc_15, vaults_room_semicircle,
          vaults_standard_mumra_lines, vaults_room_large_hall,
          ontoclasm_vaults_claustrophobia, ontoclasm_vaults_loading_screen,
          vaults_dpeg_doors, grunt_vaults_bifocal, vaults_mumra_hex,
          ontoclasm_vaults_ring_large, grunt_vaults_funnel, v_misc_25,
          nicolae_vaults_little_squares_2, layout_vaults_maze_bifur
Vaults:5: serial_shops, uniq_margery, uniq_sojobo
Crypt:1:  layout_chaotic_city, nzn_ghost_randoct, st_stairs_7
Crypt:2:  layout_gridlike
Crypt:3:  quadcrypt_mu, uniq_mara
Tomb:1
Depths:1: minmay_curly_fans, layout_basic, enter_ziggurat_a, serial_sigils,
          serial_sigils_hangedman_quiver, serial_sigils_hangedman_quiver,
          serial_sigils_hangedman_quiver, serial_sigils_hangedman_carve,
          serial_sigils_hangedman_confine, serial_sigils_hangedman_gnaw,
          hell_entry, grunt_gozag_statues, grunt_ministairs_12,
          dpeg_stationary_puzzle
Depths:2: minmay_box_of_curves, layout_gridlike, hell_entry, serial_shops,
          kennysheep_little_box, pan_entry, gammafunk_ghost_berserking_beasts,
          hangedman_abyss_or_decor_passed
Depths:3: minmay_the_grid_octo_tiled_squarecenter [minmay_the_grid_octo_toaster,
          minmay_the_grid_octo_clover_2, minmay_the_grid_octo_shrine,
          minmay_the_grid_octo_pinwheel,
          minmay_the_grid_square_5x5_megaprize_diamond,
          minmay_the_grid_square_5x5_shrine2,
          minmay_the_grid_square_5x5_intrusive_squares,
          minmay_the_grid_square_5x5_corner,
          minmay_the_grid_square_5x5_hourglass], layout_cave_shapes,
          grunt_hell_entry_dis_grunt, abyss_entry, chequers_serial_rivers_marsh,
          serial_shops, statue_bzr, eat_drink_and_be_merry_uskayaw
Depths:4: grunt_zot_entry_alcove, layout_basic, hellmouth_1, serial_shops,
          nicolae_lakefront_shop, trove_entry_hex_spiral,
          nemelex_lonely_heart_becter, grunt_megastairs_5, uniq_saint_roka
Hell
Geh:1:    layout_gehenna_pools_box
Geh:2:    layout_gehenna_pools_box
Geh:3:    layout_gehenna_pools_box
Geh:4:    layout_gehenna_pools_box
Geh:5:    layout_gehenna_lava_caves
Geh:6:    layout_gehenna_lava_caves
Geh:7:    evilmike_geh
Tar:1:    layout_grid_maze
Zot:1:    layout_basic, chequers_guarded_unrand_mask_of_the_dragon,
          grunt_megastairs_2
Zig:18

Skill      XL: |  1  2  3  4  5  6  7  8  9 10 11 12 13 14 15 16 17 18 19 20 21 22 23 24 25 26 27 |
---------------+----------------------------------------------------------------------------------+-----
Spellcasting   | 5 6 7 8 9 10 11 12 13 14 15 16 17 18 22 | 22.4
Invocations    | 1 2 3 4 5 6 7 8 9 10 11 12 13 14 15 16 17 18 19 23 | 23.7
Fighting       | 1 2 3 4 5 6 7 8 9 10 11 12 13 14 15 16 17 22 | 22.0
Short Blades   | 1 2 3 4 5 6 7 8 9 10 11 12 13 14 15 16 17 22 | 22.0
Long Blades    | 1 2 3 4 5 6 7 8 9 10 11 12 13 14 15 16 17 22 | 22.0
Axes           | 1 2 3 4 5 6 7 8 9 10 11 12 13 14 15 16 17 18 20 21 26 | 26.8
Maces & Flails | 1 2 3 4 5 6 7 8 9 10 11 12 13 14 15 16 17 22 | 22.0
Polearms       | 1 2 3 4 5 6 7 8 9 10 11 12 13 14 15 16 17 22 | 22.0
Staves         | 1 2 3 4 5 6 7 8 9 10 11 12 13 14 15 16 17 22 | 22.0
Slings         | 1 2 3 4 5 6 7 8 9 10 11 12 13 14 15 16 17 23 | 23.9
Bows           | 1 2 3 4 5 6 7 8 9 10 11 12 13 14 15 16 17 22 | 22.0
Crossbows      | 1 2 3 4 5 6 7 8 9 10 11 12 13 14 15 16 17 22 | 22.0
Throwing       | 1 2 3 4 5 6 7 8 9 10 11 12 13 14 15 16 17 22 | 22.0
Armour         | 1 2 3 4 5 6 7 8 9 10 11 12 13 14 15 16 17 22 | 22.0
Shields        | 1 2 3 4 5 6 7 8 9 10 11 12 13 14 15 16 17 22 | 22.0
Unarmed Combat | 1 2 3 4 5 6 7 8 9 10 11 12 13 14 15 16 17 22 | 22.0
Evocations     | 1 2 3 4 5 6 7 8 9 10 11 12 13 14 15 16 17 23 | 23.4
Hexes          | 1 2 3 4 5 6 7 8 9 10 11 12 13 14 15 18 | 18.8
Summonings     | 1 2 3 4 5 6 7 8 9 10 11 12 13 14 15 18 | 18.8
Necromancy     | 1 2 3 4 5 6 7 8 9 10 11 12 13 14 15 18 | 18.8
Translocations | 1 2 3 4 5 6 7 8 9 10 11 12 13 14 15 18 | 18.8
Transmutations | 1 2 3 4 5 6 7 8 9 10 11 12 13 14 15 18 | 18.8
Fire Magic     | 1 2 3 4 5 6 7 8 9 10 11 12 13 14 15 18 | 18.8
Ice Magic      | 1 2 3 4 5 6 7 8 9 10 11 12 13 14 15 18 | 18.8
Air Magic      | 1 2 3 4 5 6 7 8 9 10 11 12 13 14 15 18 | 18.8
Earth Magic    | 1 2 3 4 5 6 7 8 9 10 11 12 13 14 15 18 | 18.8
Poison Magic   | 1 2 3 4 5 6 7 8 9 10 11 12 13 14 15 18 | 18.8
Dodging        | 5 6 8 9 10 12 13 14 15 16 17 18 19 20 21 22 23 24 27 | 27.0
Stealth        | 5 6 7 8 9 10 11 12 13 14 15 16 17 18 22 | 22.9
Conjurations   | 8 9 10 11 12 13 14 15 16 19 | 19.9

Action                   |  1- 3 |  4- 6 |  7- 9 | 10-12 | 13-15 | 16-18 | 19-21 | 22-24 | 25-27 || total
-------------------------+-------+-------+-------+-------+-------+-------+-------+-------+-------++-------
Melee: Unarmed           |     4 |     1 |       |       |       |       |       |       |       ||     5
       Quarterstaff      |       |    46 |    61 |       |       |       |       |       |       ||   107
       Bite              |       |     3 |     6 |    11 |    17 |    30 |    64 |    67 |     6 ||   204
       Flail             |       |       |    24 |       |       |       |       |       |       ||    24
       Staff             |       |       |    16 |   131 |   306 |   483 |   780 |   580 |    30 ||  2326
       Punch             |       |       |       |       |     2 |       |       |       |       ||     2
 Cast: Magic Dart        |    62 |    56 |   121 |    37 |    23 |       |       |       |       ||   299
       Searing Ray       |       |     5 |    46 |    17 |    43 |     1 |     1 |       |     1 ||   114
       Mephitic Cloud    |       |     5 |    17 |     7 |       |       |       |       |       ||    29
       Iskenderun's Myst |       |       |     1 |    19 |    21 |     1 |     1 |       |    71 ||   114
       Ignite Poison     |       |       |       |    48 |    94 |    57 |    48 |       |       ||   247
       Blink             |       |       |       |     3 |    13 |     1 |     5 |     2 |    24 ||    48
       Freezing Cloud    |       |       |       |     3 |    33 |    13 |    33 |    11 |    20 ||   113
       Conjure Ball Ligh |       |       |       |       |     3 |       |       |       |       ||     3
       Iron Shot         |       |       |       |       |       |    91 |   211 |   358 |  1932 ||  2592
       Ozocubu's Refrige |       |       |       |       |       |    21 |    69 |   125 |   313 ||   528
       Spellforged Servi |       |       |       |       |       |     5 |    41 |    27 |    77 ||   150
       Passwall          |       |       |       |       |       |     1 |       |       |       ||     1
       Yara's Violent Un |       |       |       |       |       |       |       |     7 |    18 ||    25
       Swiftness         |       |       |       |       |       |       |       |       |    20 ||    20
       Fire Storm        |       |       |       |       |       |       |       |       |   206 ||   206
       Shatter           |       |       |       |       |       |       |       |       |    22 ||    22
       Polar Vortex      |       |       |       |       |       |       |       |       |     4 ||     4
 Abil: Evoke the Staff o |       |       |     6 |    55 |    73 |    36 |    27 |       |       ||   197
Evoke: Wand              |       |       |     8 |    15 |    14 |     2 |     9 |     5 |     4 ||    57
       Tin of tremorston |       |       |       |     2 |     4 |     2 |       |       |     3 ||    11
  Use: Scroll            |       |     2 |    11 |     4 |    15 |    14 |     1 |     2 |    10 ||    59
       Potion            |       |     1 |     3 |     6 |     3 |     5 |     2 |     3 |    25 ||    48
 Stab: Confused          |       |     1 |     1 |     1 |       |       |       |       |       ||     3
       Sleeping          |       |       |     2 |     3 |     3 |     4 |    13 |    19 |       ||    44
       Invisible         |       |       |       |     2 |       |       |       |       |       ||     2
       Held in net/web   |       |       |       |       |     1 |       |       |       |       ||     1
       Distracted        |       |       |       |       |     1 |       |     6 |     3 |     1 ||    11
Armor: Robe              |     2 |     7 |    30 |       |       |       |       |       |       ||    39
       Quicksilver drago |       |       |       |    21 |       |       |       |       |       ||    21
       Troll leather arm |       |       |       |    36 |   126 |   119 |    60 |       |       ||   341
       Ring mail         |       |       |       |       |       |       |   103 |   161 |   394 ||   658
Dodge: Dodged            |     6 |    23 |   141 |   103 |   273 |   234 |   348 |   326 |   705 ||  2159
Block: Other             |       |    10 |       |       |    24 |       |       |       |       ||    34
       Orb               |       |       |       |    38 |    49 |       |       |    22 |   196 ||   305
       Reflection        |       |       |       |     4 |     1 |    18 |    72 |    24 |    12 ||   131
       Kite shield       |       |       |       |       |    84 |   357 |   605 |   218 |       ||  1264
       Buckler           |       |       |       |       |       |       |       |    85 |       ||    85

Table legend: (Time is in decaauts)
 A = Elapsed time spent in this place.
 B = Non-inter-level travel time spent in this place.
 C = Inter-level travel time spent in this place.
 D = Time resting spent in this place.
 E = Time spent auto-exploring this place.
 F = Levels seen in this place.
 G = Mean time per level.
                   A        B        C        D        E       F      G
               +--------+--------+--------+--------+--------+-----+--------+
         Total |  82442 |  75095 |   7347 |  11820 |  40863 | 102 |  808.3 |
       Dungeon |  21551 |  19105 |   2446 |   3891 |  11511 |  15 | 1436.7 |
        Temple |      1 |      1 |      0 |      0 |      0 |   1 |    1.0 |
          Lair |   6902 |   5959 |    943 |    618 |   3870 |   6 | 1150.3 |
        Shoals |   3501 |   3288 |    213 |    418 |   1721 |   4 |  875.2 |
   Spider Nest |   5267 |   5074 |    193 |    926 |   2781 |   4 | 1316.8 |
    Slime Pits |   2026 |   1961 |     65 |     93 |   1354 |   5 |  405.2 |
  Orcish Mines |   1338 |   1234 |    104 |      0 |    841 |   2 |  669.0 |
   Elven Halls |   5665 |   5149 |    516 |   1483 |   2473 |   3 | 1888.3 |
        Vaults |   8388 |   7682 |    706 |    944 |   4649 |   5 | 1677.6 |
         Crypt |   3909 |   3456 |    453 |    309 |   2013 |   3 | 1303.0 |
          Tomb |   1941 |   1858 |     83 |    451 |    630 |   1 | 1941.0 |
        Depths |   7006 |   5940 |   1066 |   1196 |   3297 |   4 | 1751.5 |
          Hell |   1030 |    888 |    142 |    167 |    420 |   1 | 1030.0 |
       Gehenna |   2375 |   1994 |    381 |     93 |    667 |   7 |  339.3 |
      Tartarus |     26 |     26 |      0 |      0 |      0 |   1 |   26.0 |
           Zot |    501 |    471 |     30 |     60 |    197 |   1 |  501.0 |
         Abyss |    679 |    679 |      0 |      0 |    260 |   7 |   97.0 |
   Pandemonium |   7071 |   7071 |      0 |    282 |   3801 |   9 |  785.7 |
      Ziggurat |   1169 |   1169 |      0 |    255 |     79 |  18 |   64.9 |
        Bazaar |    132 |    132 |      0 |      0 |     60 |   1 |  132.0 |
        Bailey |    910 |    910 |      0 |    514 |     48 |   1 |  910.0 |
       Volcano |    333 |    333 |      0 |     17 |    174 |   1 |  333.0 |
        Wizlab |    367 |    367 |      0 |     63 |      0 |   1 |  367.0 |
      Gauntlet |    344 |    344 |      0 |     37 |     11 |   1 |  344.0 |
               +--------+--------+--------+--------+--------+-----+--------+

Top non-repeatable levels by time:
   Elf:2: 2254 daAuts
     D:2: 2145 daAuts
     D:4: 2131 daAuts
Depths:2: 2128 daAuts
     D:6: 2040 daAuts
   Elf:3: 2019 daAuts
    D:14: 2011 daAuts
Depths:3: 1942 daAuts
  Tomb:1: 1941 daAuts
Vaults:4: 1914 daAuts
     D:7: 1870 daAuts
 Crypt:3: 1851 daAuts
Vaults:5: 1815 daAuts
Vaults:1: 1765 daAuts
  Lair:2: 1677 daAuts
